 Dungeon Crawl Stone Soup version 0.22-a0-469-gf26638a (webtiles) character file.

1380082 Tiareth the Annihilator (level 27, -51/151 HPs)
             Began as a Deep Elf Conjurer on June 10, 2018.
             Was the Champion of Vehumet.
             Killed by dispel undead
             ... invoked by a Tzitzimitl
             ... called by a doom hound
              (65 damage)
             ... on level 3 of Tartarus on June 12, 2018.
             The game lasted 21:15:38 (121348 turns).

Tiareth the Annihilator (Deep Elf Conjurer)       Turns: 121348, Time: 21:15:39

Health: -51/151    AC: 34    Str: 19    XL:     27
Magic:  69/70      EV: 22    Int: 53    God:    Vehumet [******]
Gold:   9313       SH: 18    Dex: 16    Spells: 1/80 levels left

rFire    + + +     SeeInvis +   f - +7 rapier of Mandamus {freeze, rF+ Int+4 SInv}
rCold    + + +     Gourm    .   z - +4 shield {rC+ rF+}
rNeg     + + +     Faith    .   a - +4 scale mail "Gasir" {Int+7 Dex+3}
rPois    ∞         Spirit   .   d - +0 helmet of Modesty {Str+3 Int+4}
rElec    +         Reflect  .   t - +0 cloak of Fun and Games {rPois rF+ rC+ Str+3}
rCorr    .         Harm     .   b - +0 pair of gloves "Uhuhatta" {MP+9 Str+8 Int-3}
MR       +++..                  x - +2 pair of boots {Fly}
Stlth    +.........             l - amulet of magic regeneration
HPRegen  0.35/turn              X - ring of Orthodoxy {rElec rC+ rN+ AC+5}
MPRegen  0.67/turn              u - ring of Raemahy {rElec rPois Int+5}

@: lich-form, flying, deflect missiles
A: blurry vision 3, clever 1, clumsy 1, frail 1, high mp 1, poison resistance,
screaming 1, evolution 1, MP-powered wands
}: 13/15 runes: serpentine, barnacled, slimy, silver, iron, obsidian, icy,
abyssal, demonic, glowing, magical, fiery, dark
a: End Transformation, Renounce Religion, Stop Flying


You were on level 3 of Tartarus.
You worshipped Vehumet.
Vehumet was exalted by your worship.
You were not hungry.
You were a lich.
You visited 16 branches of the dungeon, and saw 78 of its levels.
You visited Pandemonium 3 times, and saw 17 of its levels.
You visited the Abyss 6 times.
You also visited: Trove, Bailey and Volcano.

You collected 13512 gold pieces.
You spent 4199 gold pieces at shops.

Inventory:

Hand Weapons
 f - the +7 rapier of Mandamus (weapon) {freeze, rF+ Int+4 SInv}
   (You found it on level 10 of the Dungeon)

   It has been specially enchanted to freeze those struck by it, causing extra
   injury to most foes and up to half again as much damage against particularly
   susceptible opponents.
   It can also slow down cold-blooded creatures.
   It affects your intelligence (+4).
   It protects you from fire.
   It lets you see invisible.
 j - the +7 sceptre of Asmodeus
   (You took it off Asmodeus on level 7 of Gehenna)
 s - the +7 morningstar "Wemots" {drain, Str+2 Int+2 Dex+4}
   (You found it on level 7 of Gehenna)

   A truly terrible weapon, it drains the life of those it strikes.
   It affects your strength (+2).
   It affects your intelligence (+2).
   It affects your dexterity (+4).
Missiles
 h - 44 javelins
 o - 32 javelins of penetration (quivered)
Armour
 a - the +4 scale mail "Gasir" (worn) {Int+7 Dex+3}
   (You bought it in a shop on level 1 of the Snake Pit)

   It affects your intelligence (+7).
   It affects your dexterity (+3).
 b - the +0 pair of gloves "Uhuhatta" (worn) {MP+9 Str+8 Int-3}
   (You found it in a treasure trove)

   It affects your strength (+8).
   It affects your intelligence (-3).
   It affects your magic capacity (+9).
 d - the +0 helmet of Modesty (worn) {Str+3 Int+4}
   (You found it on level 4 of the Depths)

   It affects your strength (+3).
   It affects your intelligence (+4).
 k - a +2 hat of magic resistance
 t - the +0 cloak of Fun and Games (worn) {rPois rF+ rC+ Str+3}
   (You found it on level 3 of the Elven Halls)

   It affects your strength (+3).
   It protects you from fire.
   It protects you from cold.
   It protects you from poison.
 x - a +2 pair of boots of flying (worn)
 z - a +4 shield of resistance (worn)
Magical Staves
 e - an uncursed staff of power
Jewellery
 l - an amulet of magic regeneration (around neck)
 n - the ring of Otumaemo {rC+ MP-9 Int+8}
   (You found it on level 7 of Gehenna)

   [ring of protection from cold]

   It affects your intelligence (+8).
   It protects you from cold.
   It affects your magic capacity (-9).
 q - the ring of the Nine Cities {rElec AC+3 SInv}
   (You found it on level 7 of Gehenna)

   [ring of protection]

   It affects your AC (+3).
   It insulates you from electricity.
   It lets you see invisible.
 u - the ring of Raemahy (right hand) {rElec rPois Int+5}
   (You found it on level 3 of the Shoals)

   [ring of poison resistance]

   It affects your intelligence (+5).
   It insulates you from electricity.
   It protects you from poison.
 y - a +2 ring of protection
 X - the ring of Orthodoxy (left hand) {rElec rC+ rN+ AC+5}
   (You found it on level 3 of the Shoals)

   [ring of protection]

   It affects your AC (+5).
   It protects you from cold.
   It insulates you from electricity.
   It protects you from negative energy.
Wands
 C - a wand of clouds (23)
 E - a wand of digging (59)
Scrolls
 m - 22 scrolls of remove curse
 w - 15 scrolls of fog
 A - 33 scrolls of identify
 B - 19 scrolls of teleportation
 J - a scroll of amnesia
 N - a scroll of summoning
 T - 3 scrolls of blinking
 V - a scroll of fear
 W - 3 scrolls of magic mapping
Potions
 g - 10 potions of haste
 p - 8 potions of heal wounds
 r - 6 potions of cancellation
 v - 2 potions of magic
 H - 7 potions of brilliance
 L - 14 potions of curing
 P - 12 potions of agility
 Q - 4 potions of ambrosia
 S - 3 potions of resistance
 U - 6 potions of invisibility
 Y - 3 potions of might
Miscellaneous
 i - the horn of Geryon
 G - 8 phantom mirrors
 O - a crystal ball of energy
Comestibles
 c - 78 rations


   Skills:
 + Level 15.8 Fighting
 + Level 13.2 Short Blades
 + Level 18.4 Throwing
 + Level 16.2 Armour
 + Level 17.2 Dodging
 - Level 3.0 Stealth
 - Level 15.0 Shields
 O Level 27 Spellcasting
 O Level 27 Conjurations
   Level 6.0 Hexes
 - Level 15.0 Charms
   Level 6.0 Summonings
 - Level 21.0 Necromancy
 - Level 15.0 Translocations
 - Level 15.0 Transmutations
 O Level 27 Fire Magic
 + Level 20.3 Ice Magic
 + Level 25.4 Air Magic
 + Level 22.2 Earth Magic
 + Level 9.2 Evocations


You had one spell level left.
You knew the following spells:

 Your Spells              Type           Power        Failure   Level  Hunger
a - Shatter               Erth           ########..   1%          9    N/A
b - Lehudib's Crystal Sp  Conj/Erth      ########..   1%          8    N/A
c - Bolt of Fire          Conj/Fire      #########.   0%          6    N/A
d - Ignition              Fire           #########.   1%          8    N/A
e - Deflect Missiles      Chrm/Air       ########..   0%          6    N/A
f - Force Lance           Conj/Tloc      ########     0%          4    N/A
g - Necromutation         Tmut/Necr      #########.   1%          8    N/A
i - Glaciate              Conj/Ice       ########..   1%          9    N/A
j - Blink                 Tloc           N/A          0%          2    N/A
k - Fire Storm            Conj/Fire      #########.   1%          9    N/A
l - Tornado               Air            ########..   1%          9    N/A
m - Apportation           Tloc           ######       0%          1    N/A

Your spell library contained the following spells:

 Spells                   Type           Power        Failure   Level  Hunger
 Cause Fear               Hex            #######...   1%          4    N/A
 Magic Dart               Conj           ####         0%          1    N/A
 Fireball                 Conj/Fire      #########.   0%          5    N/A
 Conjure Flame            Conj/Fire      ########     0%          3    N/A
 Bolt of Cold             Conj/Ice       ########..   0%          6    N/A
 Lightning Bolt           Conj/Air       ########..   0%          5    N/A
 Bolt of Magma            Conj/Fire/Erth ########..   0%          5    N/A
 Slow                     Hex            #######.     1%          2    N/A
 Confuse                  Hex            #######.     1%          3    N/A
 Invisibility             Hex            #######.     3%          6    N/A
 Throw Flame              Conj/Fire      ######       0%          2    N/A
 Throw Frost              Conj/Ice       ######       0%          2    N/A
 Freezing Cloud           Conj/Ice/Air   ########..   0%          6    N/A
 Mephitic Cloud           Conj/Pois/Air  ########     0%          3    N/A
 Ring of Flames           Chrm/Fire      ########..   1%          7    N/A
 Venom Bolt               Conj/Pois      ########..   1%          5    N/A
 Olgreb's Toxic Radiance  Pois           ######..     1%          4    N/A
 Teleport Other           Tloc           ########     0%          3    N/A
 Death's Door             Chrm/Necr      #########.   1%          8    N/A
 Summon Small Mammal      Summ           ####         1%          1    N/A
 Bolt of Draining         Conj/Necr      #########.   0%          5    N/A
 Iskenderun's Mystic Bla  Conj           ########     0%          4    N/A
 Summon Horrible Things   Summ           #######...   83%         8    N/A
 Animate Dead             Necr           N/A          0%          4    N/A
 Pain                     Necr           ####         0%          1    N/A
 Animate Skeleton         Necr           N/A          0%          1    N/A
 Vampiric Draining        Necr           #########.   0%          3    N/A
 Haunt                    Necr/Summ      ########..   1%          7    N/A
 Borgnjor's Revivificati  Necr           #########.   1%          8    N/A
 Ozocubu's Refrigeration  Ice            ########..   0%          6    N/A
 Sticky Flame             Conj/Fire      ########     0%          4    N/A
 Summon Ice Beast         Ice/Summ       ########     0%          4    N/A
 Call Imp                 Summ           #######.     1%          2    N/A
 Dispel Undead            Necr           ########     0%          5    N/A
 Poison Arrow             Conj/Pois      ########..   1%          6    N/A
 Regeneration             Chrm/Necr      #########.   0%          3    N/A
 Sting                    Conj/Pois      ####         0%          1    N/A
 Sublimation of Blood     Necr           #########.   0%          2    N/A
 Tukima's Dance           Hex            #######.     1%          3    N/A
 Summon Greater Demon     Summ           #######...   19%         7    N/A
 Corpse Rot               Necr           N/A          0%          2    N/A
 Iron Shot                Conj/Erth      ########..   0%          6    N/A
 Stone Arrow              Conj/Erth      ######       0%          3    N/A
 Shock                    Conj/Air       ####         0%          1    N/A
 Swiftness                Chrm/Air       ########     0%          2    N/A
 Recall                   Summ/Tloc      N/A          0%          3    N/A
 Agony                    Necr           ########     0%          5    N/A
 Spider Form              Tmut/Pois      ########..   1%          3    N/A
 Blade Hands              Tmut           ########..   0%          5    N/A
 Statue Form              Tmut/Erth      ########.    1%          6    N/A
 Ice Form                 Ice/Tmut       ########     0%          4    N/A
 Dragon Form              Tmut           ########..   1%          7    N/A
 Death Channel            Necr           #########.   0%          6    N/A
 Throw Icicle             Conj/Ice       ########     0%          4    N/A
 Airstrike                Air            ########..   0%          4    N/A
 Flame Tongue             Conj/Fire      #####        0%          1    N/A
 Passwall                 Tmut/Erth      ########     0%          2    N/A
 Ignite Poison            Fire/Tmut/Pois ########     0%          3    N/A
 Sticks to Snakes         Tmut           ########     0%          2    N/A
 Call Canine Familiar     Summ           #######.     1%          3    N/A
 Ensorcelled Hibernation  Hex/Ice        ######       0%          2    N/A
 Metabolic Englaciation   Hex/Ice        ########..   1%          5    N/A
 Summon Butterflies       Summ           #######.     1%          1    N/A
 Silence                  Hex/Air        ########..   0%          5    N/A
 Static Discharge         Conj/Air       ########     0%          3    N/A
 Corona                   Hex            #######      1%          1    N/A
 Alistair's Intoxication  Tmut/Pois      ########     1%          5    N/A
 Lee's Rapid Deconstruct  Erth           ########..   0%          5    N/A
 Sandblast                Erth           ######       0%          1    N/A
 Simulacrum               Ice/Necr       #########.   0%          6    N/A
 Conjure Ball Lightning   Conj/Air       ########..   0%          6    N/A
 Chain Lightning          Conj/Air       ########..   1%          8    N/A
 Excruciating Wounds      Chrm/Necr      #########.   0%          5    N/A
 Portal Projectile        Hex/Tloc       ######       0%          3    N/A
 Monstrous Menagerie      Summ           #######...   19%         7    N/A
 Petrify                  Tmut/Erth      ########     0%          4    N/A
 Passage of Golubria      Tloc           N/A          0%          4    N/A
 Malign Gateway           Summ/Tloc      ########..   3%          7    N/A
 Leda's Liquefaction      Hex/Erth       ########..   0%          4    N/A
 Summon Hydra             Summ           #######...   19%         7    N/A
 Darkness                 Hex            #######...   3%          6    N/A
 Shroud of Golubria       Chrm/Tloc      ########..   0%          2    N/A
 Inner Flame              Hex/Fire       ########     0%          3    N/A
 Aura of Abjuration       Summ           #######...   1%          5    N/A
 Beastly Appendage        Tmut           ######       0%          1    N/A
 Iskenderun's Battlesphe  Conj/Chrm      ########     0%          5    N/A
 Fulminant Prism          Conj/Hex       ########..   0%          4    N/A
 Dazzling Spray           Conj/Hex       ######       0%          3    N/A
 Infusion                 Chrm           ####         0%          1    N/A
 Song of Slaying          Chrm           ########     0%          2    N/A
 Spectral Weapon          Hex/Chrm       ########     0%          3    N/A
 Searing Ray              Conj           ######       0%          2    N/A
 Summon Forest            Summ/Tloc      ########..   1%          5    N/A
 Summon Lightning Spire   Summ/Air       ########     0%          4    N/A
 Summon Guardian Golem    Hex/Summ       #######.     1%          3    N/A
 Dragon's Call            Summ           #######...   100%        9    N/A
 Summon Mana Viper        Hex/Summ       #######.     1%          5    N/A
 Hydra Form               Tmut           ########..   1%          6    N/A
 Irradiate                Conj/Tmut      ########..   0%          5    N/A
 Gell's Gravitas          Tloc           ########..   0%          3    N/A
 Infestation              Necr           #########.   1%          8    N/A
 Lesser Beckoning         Tloc           ########..   0%          3    N/A
 Poisonous Vapours        Pois/Air       ######       0%          2    N/A

Dungeon Overview and Level Annotations

Branches:
Dungeon (15/15)            Temple (1/1) D:5            Lair (6/6) D:11
 Shoals (4/4) Lair:4        Snake (4/4) Lair:2        Slime (5/5) Lair:5
    Orc (2/2) D:10            Elf (3/3) Orc:2        Vaults (5/5) D:14
  Crypt (3/3) Vaults:3       Tomb (0/3) Crypt:3      Depths (5/5) D:15
   Hell (1/1)                 Dis (7/7) Hell            Geh (7/7) Hell
    Coc (7/7) Hell            Tar (3/7) Hell            Zot (0/5) Depths:5

Altars:
Ashenzari
Cheibriados
Dithmenos
Elyvilon
Fedhas
Gozag
Hepliaklqana
Kikubaaqudgha
Makhleb
Nemelex Xobeh
Okawaru
Qazlal
Ru
Sif Muna
Trog
Uskayaw
Vehumet
Wu Jian
Xom
Yredelemnul
Zin
The Shining One
Beogh
Lugonu

Shops:
D:9 }   D:11 %   D:13 *:[[   Orc:2 [=*(   Elf:1 =   Elf:3 :   Shoals:1 [
Shoals:4 [   Snake:1 *[:   Snake:3 }!:*   Vaults:2 }   Depths:5 (!

Portals:
Hell: Depths:1 Depths:2 Depths:3 Depths:4 Depths:5
Abyss: Depths:3 Depths:4 Depths:5
Pandemonium: Depths:3 Depths:5
Ziggurat: Depths:3


Innate Abilities, Weirdness & Mutations

Scrolls take you much longer to read.
Your mind is acute. (Int +2)
You are clumsy. (Dex -2)
You are frail. (-10% HP)
You have an increased reservoir of magic. (+10% MP)
Your system is resistant to poisons. (rPois)
You occasionally shout uncontrollably at your foes.
You evolve.
You expend magic power (3 MP) to strengthen your wands.


Message History

Aim: a silent spectre (silenced, almost destroyed, radiating silence, summoned)
You throw a javelin of penetration.
The javelin of penetration closely misses the shadow demon.
The javelin of penetration pierces through the bone dragon!!
The bone dragon is lightly damaged.
The javelin of penetration pierces through the silent spectre!!!
You destroy the silent spectre!
The Tzitzimitl gestures at you.
You convulse!
You can't drink.
Evoke which item? (* to show all) (? for menu, Esc to quit)
You can't produce a sound!
Okay, then.
The shadow demon gestures.
The Tzitzimitl gestures at you.
You convulse!
* * * LOW HITPOINT WARNING * * *
The Tzitzimitl gestures at you.
You convulse!
You die...

..........).).......
#.....#.).....).....#
##......))..........##
#.........)..........####
........#...............##
.###....#................
#....##.............##
##....................#
#..........L..1.......##
..###...............h.......#
..................÷.#2.......
......#####.......###.#####..
....∩.## ###..##.## #.# ...>## ..
#...###....#...###.### .....#
..##....#.....#...##..2.####....#
..........###.....#.#...32##.....
..........# #......#.###43##.....


You could see a doom hound, a Tzitzimitl and a shadow demon.

Vanquished Creatures
  Cerebov (Pan)
  Antaeus (Coc:7)
  the Royal Jelly (Slime:5)
  Dissolution (Slime:5)
  Asmodeus (Geh:7)
  the Serpent of Hell (Dis:7)
  Gloorx Vloq (Pan)
  Lom Lobon (Pan)
  Mnoleg (Pan)
  A seraph (Pan)
  Khufu (Crypt:3)
  11 pandemonium lords (Pan)
  Dispater (Dis:7)
  Mennas (Pan)
  3 juggernauts
  4 ancient liches
  A greater mummy (Crypt:3)
  Saint Roka (Crypt:3)
  28 shard shrikes
  Bai Suzhen (Depths:2)
  5 caustic shrikes
  3 golden dragons
  Geryon (Hell)
  A profane servitor (Abyss:2)
  2 pearl dragons (Pan)
  the Enchantress (Depths:4)
  15 Tzitzimimeh
  31 Brimstone Fiends
  6 doom hounds
  16 bone dragons
  6 hellephants
  7 iron giants
  Jorgrun (Shoals:2)
  Rupert (D:14)
  10 tentacled monstrosities
  26 Ice Fiends
  16 Hell Sentinels
  Asterion (Depths:2)
  14 liches
  A quicksilver dragon (shapeshifter) (Depths:5)
  A deep elf master archer (Elf:3)
  5 quicksilver dragons
  4 deep elf blademasters (Elf:3)
  32 Executioners
  5 titans
  37 tentacled starspawn
  6 sphinxes
  Polyphemus (Shoals:4)
  35 acid blobs
  An acid blob (shapeshifter) (Vaults:5)
  20 ancient champions
  5 eldritch tentacles
  6 storm dragons
  A thorn hunter (Abyss:3)
  9 shadow dragons
  Kirke (Shoals:4)
  4 revenants
  Ilsuiw (Shoals:4)
  Roxanne (Elf:3)
  8 azure jellies
  21 daevas
  4 tengu reavers
  11 nagarajas
  45 cacodemons
  19 fire giants
  11 frost giants
  20 vault wardens
  9 deep elf sorcerers
  A draconian scorcher (Depths:5)
  An emperor scorpion (shapeshifter) (Depths:3)
  2 orc warlords (Orc:2)
  3 warmongers (Pan)
  49 balrugs
  3 ghost moths (Pan)
  Aizul (Snake:3)
  4 curse skulls
  A draconian shifter (Abyss:1)
  A draconian stormcaller (Depths:5)
  17 ironheart preservers
  37 angels (Pan)
  6 deep elf elementalists (Elf:3)
  Louise (Shoals:4)
  11 iron dragons
  5 ghouls (Crypt:2)
  72 reapers
  7 spriggan defenders
  41 very ugly things
  7 elemental wellsprings
  19 stone giants
  11 blood saints (Pan)
  A draconian annihilator (Pan)
  9 corrupters (Pan)
  4 deep elf demonologists
  9 war gargoyles
  2 green draconians
  4 entropy weavers
  6 vampire knights
  20 ophanim (Pan)
  A black draconian (Depths:5)
  23 apis (Pan)
  13 deep elf annihilators
  A dire elephant (shapeshifter) (Vaults:5)
  11 black suns (Pan)
  20 lorocyprocas
  2 yellow draconians (Depths:5)
  4 eidola
  A red draconian (Volcano)
  12 spark wasps
  43 blizzard demons
  11 deep elf death magi
  3 crystal guardians (Crypt:3)
  Snorg (D:10)
  27 green deaths
  13 ettins
  12 fire dragons
  8 merfolk javelineers
  14 yaktaur captains
  8 death oozes (Slime:5)
  12 deep elf high priests
  16 jiangshi
  5 kraken zombies
  7 merfolk impalers
  15 quicksilver dragon zombies
  Fannar (D:11)
  41 ice dragons
  Erolcha (D:11)
  Harold (D:11)
  17 great orbs of eyes
  An alligator snapping turtle (Shoals:3)
  40 vault guards
  8 hydras
  14 rakshasas
  10 quicksilver dragon skeletons
  2 catoblepae
  11 naga warriors
  5 spriggan air magi
  11 monstrous demonspawn
  A juggernaut simulacrum (Depths:1)
  10 centaur warriors
  An anaconda (shapeshifter) (Depths:4)
  A satyr (Shoals:2)
  The ghost of cultivahabas the Grappler, a novice TrMo of Nemelex Xobeh (D:8)
  5 hell beasts
  23 anacondas
  3 death knights
  5 merfolk aquamancers (Shoals:4)
  22 two-headed ogres
  11 tengu warriors
  8 deep troll earth magi
  12 ogre magi
  22 thrashing horrors
  12 vampire magi
  17 shock serpents
  9 spriggan berserkers
  Urug (D:14)
  5 orc high priests
  2 death yaks (Shoals:4)
  6 deep troll shamans
  67 hell hogs
  30 dancing weapons
  13 naga sharpshooters
  14 titan zombies
  104 sun demons
  45 sixfirhies
  21 wretched stars
  18 deep elf knights
  15 storm dragon zombies
  4 iron golems
  8 spriggans
  48 soul eaters
  169 skeletal warriors
  14 cherubim (Pan)
  62 hell knights
  A death drake (Abyss:3)
  11 shadow wraiths
  67 small abominations
  5 salamander mystics (Snake:4)
  8 titan skeletons
  18 iron trolls
  5 unseen horrors
  112 large abominations
  6 sea snakes
  7 spatial maelstroms
  17 gelid demonspawn (Pan)
  6 naga ritualists
  10 glowing orange brains
  10 infernal demonspawn (Pan)
  23 anaconda zombies
  A death drake (shapeshifter) (D:15)
  10 storm dragon skeletons
  40 deep trolls
  A quicksilver dragon simulacrum (Coc:1)
  6 ghost moth zombies
  10 golden dragon zombies
  An obsidian statue (Depths:4)
  2 torturous demonspawn (Pan)
  9 wizards
  16 deep elf archers
  4 lindwurms (Snake:4)
  18 ironbrand convokers
  13 shadow demons
  14 flayed ghosts
  16 anaconda skeletons
  28 necromancers
  16 phantasmal warriors
  14 iron dragon zombies
  2 sphinx zombies
  5 wolf spiders
  62 deep elf magi
  27 harpies
  18 stone giant zombies
  6 golden dragon skeletons
  21 orc knights
  10 orc sorcerers
  9 shining eyes
  An orb spider (Abyss:1)
  A statue (Abyss:3)
  7 cyclopes
  8 worldbinders
  10 shadow dragon zombies
  13 wolf spider zombies
  9 shadow dragon skeletons
  19 mana vipers
  10 iron dragon skeletons
  77 ugly things
  8 oklob plants
  9 salamanders
  16 manticores
  8 elephants
  26 frost giant zombies
  2 shining eyes (shapeshifter)
  10 fauns
  A cyclops (shapeshifter) (Vaults:3)
  10 fire giant zombies
  An elephant (shapeshifter) (Depths:1)
  2 moths of wrath (shapeshifter) (Vaults:5)
  10 merfolk sirens
  3 centaur zombies
  A black mamba (shapeshifter) (Vaults:5)
  A guardian serpent (shapeshifter) (Abyss:2)
  32 black mambas
  9 water nymphs
  14 frost giant skeletons
  9 molten gargoyles
  4 apocalypse crabs
  27 naga magi
  17 vault sentinels
  An ice statue (Coc:7)
  11 dire elephant zombies
  5 fire giant skeletons
  11 stone giant skeletons
  4 shock serpent zombies
  75 rust devils
  8 dire elephant skeletons
  5 shock serpent skeletons
  54 orange demons
  A titan simulacrum (Depths:4)
  2 gargoyles
  2 minotaur zombies
  12 guardian serpents
  6 emperor scorpion zombies
  A purple draconian zombie (Crypt:2)
  106 smoke demons
  3 eyes of devastation
  4 torpor snails
  25 spiny frogs
  67 hellions
  A komodo dragon (shapeshifter) (Abyss:1)
  20 efreet
  A rime drake (Lair:5)
  A yellow draconian zombie (Coc:2)
  2 kobold demonologists
  4 catoblepas zombies
  2 anaconda simulacra (Hell)
  31 demonic crawlers
  9 komodo dragons
  2 yaktaurs (shapeshifter)
  41 hellwings
  2 green draconian skeletons
  A death yak skeleton (Crypt:2)
  72 tormentors
  A yellow draconian skeleton (Crypt:2)
  44 yaktaurs
  3 silent spectres
  A golden dragon simulacrum (Coc:1)
  80 ice devils
  71 red devils
  83 freezing wraiths
  A jumping spider (Vaults:4)
  19 ancient zymes
  5 tyrant leeches (Lair:6)
  A jumping spider (shapeshifter) (Depths:2)
  A meliai (shapeshifter) (Vaults:3)
  19 merfolk
  32 hydra zombies
  9 trolls
  5 catoblepas skeletons
  A shadow dragon simulacrum (Coc:2)
  3 tengu conjurers
  A queen bee (shapeshifter) (Vaults:2)
  8 harpy zombies
  30 blink frogs
  10 fire dragon zombies
  A hornet (shapeshifter) (Vaults:3)
  Prince Ribbit (D:7)
  A hippogriff (shapeshifter) (Depths:3)
  124 slime creatures
  A moth of wrath zombie (Crypt:2)
  4 harpy skeletons
  7 hornets
  13 hydra skeletons
  45 raiju
  A troll (shapeshifter) (Vaults:3)
  17 ice dragon zombies
  A spriggan zombie (Depths:1)
  7 hippogriffs
  7 snapping turtles
  7 bog bodies (Coc:7)
  2 dream sheep (shapeshifter)
  A stone giant simulacrum (Hell)
  19 alligator zombies
  2 fire giant simulacra
  A snapping turtle (shapeshifter) (Depths:2)
  A satyr skeleton (Crypt:1)
  2 air elementals
  236 flying skulls
  18 ettin zombies
  2 redbacks (Vaults:4)
  121 starcursed masses
  5 vampires
  18 ettin skeletons
  8 ice dragon skeletons
  49 shadows
  4 black mamba zombies
  A tarantella (shapeshifter) (Abyss:3)
  43 water elementals
  48 fire elementals
  A wyvern (Lair:3)
  51 wraiths
  62 ynoxinuls
  42 yaks
  The ghost of albertz the Skirmisher, an amateur HOMo (D:4)
  8 alligator skeletons
  6 fire dragon skeletons
  8 fire bats
  A yak (shapeshifter) (Depths:2)
  4 basilisks
  5 hogs (Shoals:4)
  5 hungry ghosts
  53 chaos spawn
  22 golden eyes
  A white draconian simulacrum (Hell)
  61 neqoxecs
  8 vampire mosquitoes
  A two-headed ogre zombie (Crypt:1)
  Menkaure (D:5)
  8 wargs
  38 nagas
  16 spatial vortices
  2 merfolk zombies
  A naga (shapeshifter) (Depths:3)
  15 insubstantial wisps
  2 acid dragons
  A soldier ant (D:13)
  A swamp worm (shapeshifter) (D:15)
  12 water moccasins
  149 hell hounds
  Duvessa (D:5)
  A soldier ant (shapeshifter) (Depths:5)
  8 spiny frog skeletons
  A floating eye (shapeshifter) (Vaults:4)
  2 hydra simulacra
  A deep troll skeleton (Vaults:3)
  21 spiny frog zombies
  70 orc warriors
  11 porcupines
  18 eyes of draining
  A gelid demonspawn skeleton (Geh:1)
  An eye of draining (shapeshifter) (Elf:2)
  A sky beast (D:11)
  3 black bears
  A manticore zombie (Coc:7)
  3 alligator simulacra (Coc:2)
  2 ice dragon simulacra
  2 ettin simulacra
  24 ice beasts
  2 swamp dragon zombies
  6 snapping turtle zombies
  16 phantoms
  27 ogres
  An ogre (shapeshifter) (Abyss:3)
  A lindwurm skeleton (Crypt:2)
  30 necrophages
  5 wolves (Lair:4)
  19 boggarts
  3 manticore skeletons
  3 snapping turtle skeletons
  2 elf skeletons
  2 swamp dragon skeletons
  26 centaurs
  11 crocodiles
  8 big kobolds
  32 bullfrogs
  7 spiny frog simulacra
  2 wyvern skeletons
  4 earth elementals
  Dowan (D:5)
  5 scorpions
  3 killer bees (D:8)
  A human simulacrum (Vaults:3)
  A warg skeleton (Crypt:1)
  109 wights
  5 howler monkeys
  8 electric eels
  A spriggan skeleton (Geh:4)
  19 crimson imps
  3 bullfrog zombies
  5 human zombies
  7 jellies
  26 orc priests
  7 hounds
  14 quasits
  5 centaur skeletons
  50 iron imps
  2 bullfrog skeletons (D:6)
  7 hell rats (Hell)
  8 iguanas
  3 human skeletons
  30 orc wizards
  14 worker ants
  3 naga zombies
  4 ogre zombies
  2 tengu zombies
  A sky beast zombie (Crypt:1)
  A big kobold skeleton (Crypt:1)
  An ogre skeleton (Geh:4)
  2 tengu skeletons
  2 hound zombies (D:5)
  22 mummies
  A worker ant zombie (D:8)
  A howler monkey zombie (D:7)
  A gnoll (shapeshifter) (Depths:4)
  16 gnolls
  11 adders
  A river rat (Lair:4)
  12 shadow imps
  51 white imps
  16 ufetubi
  5 oozes
  An adder skeleton (D:5)
  3 worms
  4 ball lightnings (Pan)
  2 dart slugs (D:1)
  6 leopard geckos
  115 orcs
  4 ball pythons
  A bat skeleton (Crypt:1)
  8 giant cockroaches
  24 goblins
  12 hobgoblins
  16 jackals
  26 kobolds
  3 quokkas
  9 bats
  8 frilled lizards
  A frilled lizard zombie (Crypt:2)
  2 jackal skeletons
  2 kobold zombies
  2 orc skeletons
  2 orc zombies
  A quokka zombie (D:5)
  7 rats
  29 blocks of ice
  6 bushes (Lair:3)
  6 crawling corpses (Elf:3)
  265 fire vortices
  8 fungi
  3 lurking horrors
  42 plants
  32 starspawn tentacles
  12 tentacles
7171 creatures vanquished.

Vanquished Creatures (collateral kills)
  A juggernaut (Depths:5)
  An ancient lich (Vaults:5)
  2 liches
  3 bone dragons
  A Tzitzimitl (Pan)
  An acid blob (Slime:3)
  An Executioner (Pan)
  3 tentacled starspawn
  A storm dragon (Depths:4)
  A shadow dragon (Depths:5)
  A daeva (Pan)
  A blood saint (Pan)
  A frost giant (Depths:2)
  A vault warden (Vaults:5)
  2 cacodemons (Pan)
  An ironheart preserver (Vaults:5)
  4 very ugly things
  2 apis (Pan)
  A lorocyproca (Pan)
  A great orb of eyes (Depths:4)
  A rakshasa (Pan)
  2 yaktaur captains
  A vault guard (Vaults:5)
  A naga warrior (Abyss:2)
  A thrashing horror (Abyss:3)
  4 dancing weapons (Elf:2)
  3 wretched stars
  2 sixfirhies (Pan)
  3 skeletal warriors
  A golden dragon zombie (Crypt:3)
  A cherub (Pan)
  An iron troll (Depths:4)
  A deep elf archer (Elf:3)
  6 starcursed masses
  2 shadow dragon zombies
  A centaur zombie (D:13)
  A smoke demon (Pan)
  An orange demon (Pan)
  A dire elephant skeleton (Dis:7)
  2 hydra zombies
  A jumping spider (shapeshifter) (D:15)
  An ancient zyme (Abyss:2)
  2 trolls (D:13)
  A blink frog (Abyss:3)
  5 slime creatures
  A water elemental (Depths:3)
  2 flying skulls
  A ynoxinul (Pan)
  2 shadows
  A spriggan (Depths:4)
  5 golden eyes
  A naga (Abyss:2)
  2 large abominations
  A hydra simulacrum (Abyss:1)
  A gelid demonspawn skeleton (Pan)
  2 small abominations
  4 centaurs (D:13)
  A wight (Abyss:2)
  A quasit (Abyss:3)
  2 mummies (Crypt:3)
  2 white imps (Abyss:1)
  An ufetubus (Abyss:3)
  2 orcs (Elf:2)
  10 crawling corpses (Elf:3)
  2 lurking horrors
  A starspawn tentacle (Abyss:1)
121 creatures vanquished.

Vanquished Creatures (others)
  2 eldritch tentacles
  A reaper (Dis:5)
  An elemental wellspring (Coc:3)
  2 hell hogs
  6 ball lightnings (Snake:1)
  A smoke demon (Pan)
  3 flying skulls
  3 wraiths
  2 small abominations
  3 fire bats (Pan)
  2 golden eyes (Abyss:3)
  An ogre (Vaults:5)
  An iron imp (Abyss:3)
  88 blocks of ice
  998 fire vortices
  76 fulminant prisms
  19 fungi
  2 lurking horrors
  65 plants
  34 starspawn tentacles
  12 tentacles
1322 creatures vanquished.

Grand Total: 8614 creatures vanquished

Notes
Turn   | Place    | Note
-------+----------+-------------------------------------------
     0 | D:1      | Tiareth the Deep Elf Conjurer began the quest for the Orb.
     0 | D:1      | Reached XP level 1. HP: 10/10 MP: 6/6
    93 | D:1      | Reached XP level 2. HP: 7/15 MP: 2/8
    97 | D:1      | Learned a level 2 spell: Searing Ray
   664 | D:1      | Reached XP level 3. HP: 20/20 MP: 5/9
   669 | D:1      | Learned a level 3 spell: Dazzling Spray
  1340 | D:2      | Reached skill level 5 in Conjurations
  1622 | D:2      | Reached skill level 1 in Hexes
  1669 | D:2      | Reached XP level 4. HP: 23/24 MP: 5/11
  1736 | D:2      | Reached skill level 1 in Fighting
  1885 | D:2      | Learned a level 4 spell: Iskenderun's Mystic Blast
  2116 | D:2      | Reached XP level 5. HP: 23/29 MP: 3/13
  3180 | D:4      | Noticed an ogre
  3272 | D:3      | Killed an ogre
  3272 | D:3      | Reached XP level 6. HP: 22/34 MP: 2/14
  3365 | D:3      | Learned a level 4 spell: Fulminant Prism
  3404 | D:4      | Noticed albertz's ghost (amateur HOMo)
  3550 | D:4      | Found a shimmering altar of Xom.
  3582 | D:4      | Found a burning altar of Makhleb.
  4092 | D:4      | Killed albertz's ghost
  4092 | D:4      | Reached XP level 7. HP: 40/40 MP: 14/16
  4268 | D:5      | Entered Level 5 of the Dungeon
  4296 | D:5      | Reached skill level 5 in Spellcasting
  4525 | D:5      | Noticed Menkaure
  4528 | D:5      | Killed Menkaure
  4689 | D:5      | Found a staircase to the Ecumenical Temple.
  4721 | D:5      | Reached skill level 5 in Dodging
  4734 | Temple   | Entered the Ecumenical Temple
  4835 | Temple   | Became a worshipper of Vehumet
  5179 | D:5      | Noticed Duvessa
  5179 | D:5      | Noticed Dowan
  5182 | D:5      | Killed Dowan
  5182 | D:5      | Reached XP level 8. HP: 41/45 MP: 18/18
  5186 | D:5      | Killed Duvessa
  5564 | D:6      | Reached skill level 5 in Hexes
  5637 | D:6      | Learned a level 4 spell: Force Lance
  5777 | D:6      | Reached * piety under Vehumet
  5777 | D:6      | Offered knowledge of Flame Tongue by Vehumet.
  5777 | D:6      | Reached skill level 1 in Translocations
  5881 | D:6      | Learned a level 1 spell: Flame Tongue
  6577 | D:7      | Reached XP level 9. HP: 51/51 MP: 21/21
  6600 | D:7      | Noticed Prince Ribbit
  6608 | D:7      | Killed Prince Ribbit
  6608 | D:7      | Reached skill level 1 in Fire Magic
  6950 | D:7      | Found a bloodstained altar of Trog.
  7536 | D:8      | Offered knowledge of Sting by Vehumet.
  7634 | D:8      | Noticed cultivahabas's ghost (novice TrMo)
  7638 | D:8      | Reached ** piety under Vehumet
  7654 | D:8      | Killed cultivahabas's ghost
  7654 | D:8      | Reached XP level 10. HP: 47/58 MP: 0/24
  7764 | D:8      | Reached skill level 10 in Conjurations
  7902 | D:8      | Found a hide-covered altar of Uskayaw.
  7926 | D:8      | Found a basalt altar of Yredelemnul.
  8068 | D:8      | Noticed a two-headed ogre
  8073 | D:8      | Killed a two-headed ogre
  8222 | D:8      | Noticed a two-headed ogre
  8229 | D:8      | Killed a two-headed ogre
  8229 | D:8      | Reached skill level 5 in Fighting
  8501 | D:9      | Learned a level 3 spell: Regeneration
  8516 | D:9      | Found Gozatuage's Gadget Shop.
  8561 | D:9      | Offered knowledge of Stone Arrow by Vehumet.
  8566 | D:9      | Reached skill level 1 in Charms
  8568 | D:9      | Reached skill level 1 in Necromancy
  8789 | D:9      | Found a snail-covered altar of Cheibriados.
  9150 | D:9      | Reached *** piety under Vehumet
  9248 | D:10     | Entered Level 10 of the Dungeon
  9255 | D:10     | Reached skill level 5 in Translocations
  9309 | D:10     | Reached XP level 11. HP: 64/64 MP: 26/26
  9442 | D:10     | Offered knowledge of Static Discharge by Vehumet.
  9479 | D:10     | Found a staircase to the Orcish Mines.
  9490 | D:10     | Reached **** piety under Vehumet
  9690 | D:10     | Noticed Snorg
  9697 | D:10     | Killed Snorg
  9697 | D:10     | Reached skill level 5 in Fire Magic
  9814 | D:10     | Offered knowledge of Conjure Flame by Vehumet.
  9988 | D:10     | Got an iridescent rapier
  9991 | D:10     | Identified the +7 rapier of Mandamus {freeze, rF+ Int+4 SInv} (You found it on level 10 of the Dungeon)
 10338 | D:10     | Found a portal to a secret trove of treasure.
 10921 | D:11     | Noticed Erolcha
 10953 | D:11     | Paralysed by Erolcha for 5 turns
 10963 | D:11     | Killed Erolcha
 11025 | D:11     | Learned a level 6 spell: Freezing Cloud
 11042 | D:11     | Noticed Harold
 11190 | D:11     | Reached ***** piety under Vehumet
 11287 | D:11     | Offered knowledge of Bolt of Draining by Vehumet.
 11294 | D:11     | Noticed Fannar
 11301 | D:11     | Killed Fannar
 11301 | D:11     | Reached skill level 10 in Spellcasting
 11491 | D:11     | Killed Harold
 11491 | D:11     | Reached skill level 1 in Air Magic
 11493 | D:11     | Noticed an oklob plant
 11613 | D:11     | Noticed an oklob plant
 11616 | D:11     | Killed an oklob plant
 11616 | D:11     | Reached skill level 5 in Charms
 11642 | D:11     | Found a staircase to the Lair.
 11753 | D:11     | Killed an oklob plant
 11753 | D:11     | Reached XP level 12. HP: 70/70 MP: 27/28
 11923 | D:11     | Found Donouj's Food Shop.
 12137 | Lair:1   | Entered Level 1 of the Lair of Beasts
 12448 | Lair:1   | Noticed a six-headed hydra
 12455 | Lair:1   | Killed a six-headed hydra
 12455 | Lair:1   | Reached skill level 5 in Necromancy
 12865 | Lair:1   | Learned a level 5 spell: Bolt of Draining
 13401 | Lair:2   | Noticed a catoblepas
 13413 | Lair:2   | Killed a catoblepas
 14185 | Lair:2   | Found a staircase to the Snake Pit.
 14189 | Lair:2   | Reached skill level 10 in Dodging
 14647 | Lair:3   | Found a dark tunnel.
 14686 | Volcano  | Entered a volcano
 14789 | Volcano  | Noticed a centaur warrior
 14794 | Volcano  | Killed a centaur warrior
 14968 | Volcano  | Found a bloodstained altar of Trog.
 15020 | Volcano  | Noticed a red draconian
 15028 | Volcano  | Killed a red draconian
 15028 | Volcano  | Reached XP level 13. HP: 76/76 MP: 8/30
 15911 | Lair:3   | Learned a level 2 spell: Blink
 16213 | Lair:4   | Found a staircase to the Shoals.
 16490 | Lair:4   | Got a faintly glowing ring mail
 16501 | Lair:4   | Identified the cursed +0 ring mail of Fogryeli {MP+9} (You found it on level 4 of the Lair of Beasts)
 16695 | Lair:4   | Offered knowledge of Iron Shot by Vehumet.
 17329 | Lair:5   | Learned a level 3 spell: Gell's Gravitas
 17892 | Lair:5   | Found a staircase to the Slime Pits.
 17956 | Lair:6   | Entered Level 6 of the Lair of Beasts
 18373 | Lair:6   | Reached skill level 5 in Air Magic
 18446 | Lair:6   | Reached XP level 14. HP: 74/82 MP: 10/31
 18805 | Lair:6   | Found the +4 skin of Zhor {rC+++}
 18835 | Lair:6   | Offered knowledge of Iskenderun's Battlesphere by Vehumet.
 18953 | Lair:6   | Identified the Disquisition on Air and the Glacier
 18983 | Lair:6   | Got an iridescent longbow
 18984 | Lair:6   | Identified the +4 longbow of Greed {freeze, Str+4 Dex+5} (You found it on level 6 of the Lair of Beasts)
 19733 | Orc:1    | Entered Level 1 of the Orcish Mines
 19853 | Orc:2    | Entered Level 2 of the Orcish Mines
 19960 | Orc:2    | Noticed an orc warlord
 19972 | Orc:2    | Killed an orc warlord
 20125 | Orc:2    | Noticed an orc warlord
 20138 | Orc:2    | Killed an orc warlord
 20375 | Orc:2    | Found a roughly hewn altar of Beogh.
 20677 | Orc:2    | Found Xodielio's Antique Armour Shoppe.
 20699 | Orc:2    | Found Peorgh Le Her's Jewellery Shoppe.
 20715 | Orc:2    | Found Mehautow's Antique Weapon Shoppe.
 20731 | Orc:2    | Found Plog's General Store.
 20856 | Orc:2    | Found a staircase to the Elven Halls.
 21275 | Orc:1    | Reached skill level 10 in Charms
 21279 | Orc:1    | Reached ****** piety under Vehumet
 21617 | Orc:2    | Bought the ring "Mavveng" {rPois rC+ MR+ Str+2 Dex-2 SInv} for 568 gold pieces
 21671 | Orc:2    | Bought an embroidered scarf for 216 gold pieces
 21671 | Orc:2    | Bought a runed buckler for 202 gold pieces
 21695 | Orc:2    | Bought a scroll of teleportation for 42 gold pieces
 21695 | Orc:2    | Bought a scroll of teleportation for 42 gold pieces
 21894 | Snake:1  | Entered Level 1 of the Snake Pit
 22001 | Shoals:1 | Entered Level 1 of the Shoals
 22128 | Shoals:1 | Reached skill level 1 in Shields
 22128 | Shoals:1 | Offered knowledge of Poison Arrow by Vehumet.
 22289 | Shoals:1 | Reached XP level 15. HP: 77/88 MP: 33/33
 22308 | Shoals:1 | Found Bomom's Antique Armour Emporium.
 23145 | Shoals:2 | Noticed Jorgrun
 23153 | Shoals:2 | Killed Jorgrun
 23302 | Shoals:2 | You fall through a shaft!
 23712 | Shoals:3 | Found a transporter.
 23793 | Shoals:3 | Found a transporter.
 23810 | Shoals:3 | Reached skill level 15 in Conjurations
 24019 | Shoals:4 | Entered Level 4 of the Shoals
 24172 | Shoals:4 | Noticed Ilsuiw
 24956 | Shoals:4 | Killed Ilsuiw
 24975 | Shoals:4 | Offered knowledge of Conjure Ball Lightning by Vehumet.
 25023 | Shoals:4 | Got a barnacled rune of Zot
 25038 | Shoals:4 | Found Becrozin's Armour Emporium.
 25038 | Shoals:4 | Noticed Louise
 25046 | Shoals:4 | Killed Louise
 25114 | Shoals:4 | Reached skill level 10 in Fire Magic
 25400 | Shoals:4 | Reached XP level 16. HP: 94/94 MP: 35/35
 25700 | Shoals:4 | Noticed Kirke
 25710 | Shoals:4 | Killed Kirke
 25728 | Shoals:4 | Noticed Polyphemus
 25735 | Shoals:4 | Killed Polyphemus
 25748 | Shoals:4 | Reached skill level 10 in Necromancy
 26223 | Shoals:3 | Got a twitching copper ring
 26225 | Shoals:3 | Identified the ring of Orthodoxy {rElec rC+ rN+ AC+5} (You found it on level 3 of the Shoals)
 26240 | Shoals:3 | Got a crude wooden ring
 26242 | Shoals:3 | Identified the ring of Raemahy {rElec rPois Int+5} (You found it on level 3 of the Shoals)
 26262 | Shoals:3 | Learned a level 6 spell: Conjure Ball Lightning
 26660 | Snake:1  | Found Qesicysask's Book Emporium.
 26742 | Snake:1  | Bought a book of the Sky for 975 gold pieces
 27002 | Snake:1  | Found a white marble altar of Elyvilon.
 27112 | Snake:1  | Found Seigi's General Store.
 27637 | Snake:1  | Found Zuikogo's Armour Shoppe.
 28128 | Snake:2  | Found a blossoming altar of Fedhas.
 28439 | Snake:2  | Offered knowledge of Bolt of Fire by Vehumet.
 28485 | Snake:2  | Learned a level 6 spell: Bolt of Fire
 29508 | Snake:3  | Found Rotofopn's Gadget Boutique.
 29514 | Snake:3  | Noticed Aizul
 29520 | Snake:3  | Killed Aizul
 29520 | Snake:3  | Reached XP level 17. HP: 92/100 MP: 6/37
 29585 | Snake:3  | Found Itisop's General Store.
 29607 | Snake:3  | Found Sappaud's Book Emporium.
 29918 | Snake:3  | Found Suoror's Distillery.
 30564 | Snake:4  | Entered Level 4 of the Snake Pit
 31154 | Snake:4  | Found a radiant altar of Vehumet.
 32368 | Snake:4  | Learned a level 6 spell: Deflect Missiles
 32442 | Snake:4  | Offered knowledge of Spellforged Servitor by Vehumet.
 32556 | Snake:4  | Reached skill level 10 in Air Magic
 32846 | Snake:4  | Reached XP level 18. HP: 107/107 MP: 8/38
 32857 | Snake:4  | Reached skill level 15 in Spellcasting
 32904 | Snake:4  | Learned a level 7 spell: Spellforged Servitor
 33233 | Snake:4  | Reached skill level 1 in Summonings
 33241 | Snake:4  | Reached skill level 10 in Fighting
 33242 | Snake:4  | Offered knowledge of Fire Storm by Vehumet.
 33242 | Snake:4  | Offered knowledge of Glaciate by Vehumet.
 33242 | Snake:4  | Offered knowledge of Ignition by Vehumet.
 33252 | Snake:4  | Got a serpentine rune of Zot
 33554 | D:12     | Found a flagged portal.
 33572 | Bailey   | Entered a bailey
 33651 | Bailey   | Found an iron altar of Okawaru.
 33743 | Bailey   | Got an ancient scimitar
 33744 | Bailey   | Identified the +8 scimitar of the Coin {holy, rPois rF- rN+ MR+ Int-5} (You found it in a bailey)
 34128 | D:12     | Got a translucent amber ring
 34130 | D:12     | Identified the ring "Mepoithra" {+Fly rF++} (You acquired it on level 12 of the Dungeon)
 35107 | D:13     | Found Ceycha's Assorted Antiques.
 35108 | D:13     | Found Ephif's Antique Armour Emporium.
 35143 | D:13     | Found Jaetod's Book Emporium.
 35158 | D:13     | Learned a level 5 spell: Fireball
 35448 | D:13     | Found Xopinem's Antique Armour Boutique.
 35723 | D:14     | Found a gate to the Vaults.
 35776 | D:14     | Noticed Rupert
 35783 | D:14     | Killed Rupert
 36012 | D:14     | Noticed Urug
 36015 | D:14     | Killed Urug
 36530 | D:15     | Entered Level 15 of the Dungeon
 36818 | D:15     | Found a staircase to the Depths.
 36819 | D:15     | Reached XP level 19. HP: 94/112 MP: 11/40
 37198 | D:15     | Found a sacrificial altar of Ru.
 37862 | D:4      | Got a jewelled trident
 37863 | D:4      | Identified the +4 trident "Goblinbane" {pierce, rN+} (You found it on level 4 of the Dungeon)
 38134 | D:14     | Upgraded the game from 0.22-a0-467-g5c5de1c to 0.22-a0-469-gf26638a
 38135 | Vaults:1 | Entered Level 1 of the Vaults
 39237 | Vaults:1 | Got a scorched scale mail
 39248 | Vaults:1 | Identified the +7 scale mail of the Countless Songs {rPois Dex+5} (You found it on level 1 of the Vaults)
 39622 | Vaults:2 | Reached skill level 5 in Summonings
 40819 | Vaults:2 | Found Cudonair's Gadget Emporium.
 41262 | Vaults:3 | Reached XP level 20. HP: 93/117 MP: 32/42
 41401 | Vaults:3 | Noticed a bone dragon
 41402 | Vaults:3 | Found a staircase to the Crypt.
 41422 | Vaults:3 | Killed a bone dragon
 41948 | Vaults:3 | Reached skill level 15 in Necromancy
 42570 | Vaults:3 | Reached skill level 15 in Dodging
 42599 | Vaults:3 | Reached skill level 15 in Charms
 42720 | Vaults:3 | Found an ancient bone altar of Kikubaaqudgha.
 43936 | Vaults:4 | Paralysed by a floating eye for 3 turns
 44291 | Vaults:4 | Reached skill level 15 in Fire Magic
 45037 | Vaults:4 | Reached XP level 21. HP: 98/122 MP: 19/44
 45571 | Elf:1    | Entered Level 1 of the Elven Halls
 45784 | Elf:1    | Identified the Incunabulum of the Birds
 46094 | Elf:1    | Reached XP level 22. HP: 127/127 MP: 44/46
 46105 | Elf:1    | Learned a level 9 spell: Fire Storm
 46110 | Elf:1    | Found Veikluzei's Jewellery Shoppe.
 46856 | Elf:2    | Found a runed gate.
 46857 | Elf:2    | Found a runed gate.
 46860 | Elf:2    | Found a runed gate.
 47891 | Elf:3    | Entered Level 3 of the Elven Halls
 48063 | Elf:3    | Noticed Roxanne
 48248 | Elf:3    | Killed Roxanne
 48322 | Elf:3    | Found Cadwaur's One-of-a-Kind Books.
 48825 | Elf:3    | Got an ichor-stained glaive {chop}
 48831 | Elf:3    | Identified the cursed +2 glaive of Luxury {chop, Int+5} (You took it off a deep elf death mage on level 3 of the Elven Halls)
 48928 | Elf:3    | Identified the Compendium of the Mutagenic Escort
 48957 | Elf:3    | Got a transparent cloak
 48963 | Elf:3    | Identified the +0 cloak of Fun and Games {rPois rF+ rC+ Str+3} (You found it on level 3 of the Elven Halls)
 49542 | Vaults:5 | Entered Level 5 of the Vaults
 49543 | Vaults:5 | Reached XP level 23. HP: 132/132 MP: 47/47
 50054 | Vaults:5 | Noticed an ancient lich
 50056 | Vaults:5 | Killed an ancient lich
 50194 | Vaults:5 | Noticed an ancient lich
 50197 | Vaults:5 | Killed an ancient lich
 50342 | Vaults:5 | Noticed an ancient lich
 50346 | Vaults:5 | Killed an ancient lich
 50432 | Vaults:5 | Reached XP level 24. HP: 101/137 MP: 4/48
 50842 | Vaults:5 | Got an ancient amber ring
 50844 | Vaults:5 | Identified the ring of Cuqimmoy {+Fly rN+ Int-2 Dex+2 Stlth+} (You found it on level 5 of the Vaults)
 51539 | Vaults:5 | Got a steaming trident {flame}
 51540 | Vaults:5 | Identified the cursed +2 trident "Tiareth's Curse" {flame, rC- Str+4 Int+4} (You took it off an ironheart preserver on level 5 of the Vaults)
 51551 | Vaults:5 | Got an ichor-stained scale mail
 51562 | Vaults:5 | Identified the +1 scale mail of the Pit {rPois rN++ Str+3 Stlth-} (You found it on level 5 of the Vaults)
 51605 | Vaults:5 | Got a flickering ruby amulet
 51611 | Vaults:5 | Identified the amulet of Red Wine {Harm *Contam *Drain Str+4 Dex+5} (You took it off a frost giant on level 5 of the Vaults)
 51623 | Vaults:5 | Got a silver rune of Zot
 52064 | D:11     | Learned a level 8 spell: Ignition
 52121 | D:10     | You paid a toll of 15 scrolls of teleportation to enter a treasure trove
 52122 | Trove    | Entered a treasure trove
 52150 | Trove    | Got a pair of crude boots
 52156 | Trove    | Identified the +0 pair of boots of Apathy {-Cast *Slow rF+ Int+9} (You found it in a treasure trove)
 52220 | Trove    | Got a smoking hat
 52226 | Trove    | Identified the +1 hat of the Thinker {rElec Int-4 Dex+3} (You found it in a treasure trove)
 52277 | Trove    | Got a pitted buckler
 52283 | Trove    | Identified the +2 buckler of Midnight {rC++} (You found it in a treasure trove)
 52291 | Trove    | Got a pair of distressingly furry gloves
 52297 | Trove    | Identified the +0 pair of gloves "Uhuhatta" {MP+9 Str+8 Int-3} (You found it in a treasure trove)
 52305 | Trove    | Got a pair of faintly glowing gloves
 52311 | Trove    | Identified the +1 pair of gloves of the Sun {rPois} (You found it in a treasure trove)
 52326 | Trove    | Got a steaming shield
 52337 | Trove    | Identified the +3 shield of Getuops {rCorr SInv} (You found it in a treasure trove)
 52347 | Trove    | Got an obsidian-encrusted ring mail
 52353 | Trove    | Identified the +3 ring mail of the Present {+Fly Dex-3 SInv} (You found it in a treasure trove)
 52669 | Slime:1  | Entered Level 1 of the Pits of Slime
 53157 | Slime:1  | Reached skill level 1 in Armour
 53397 | Slime:2  | Gained mutation: You tend to lose your temper in combat. [a shining eye]
 55164 | Slime:4  | Gained mutation: You are clumsy. (Dex -2) [a shining eye]
 55171 | Slime:4  | Reached skill level 15 in Air Magic
 55310 | Slime:5  | Entered Level 5 of the Pits of Slime
 55314 | Slime:5  | Noticed Dissolution
 55317 | Slime:5  | Killed Dissolution
 55317 | Slime:5  | Reached skill level 5 in Shields
 55321 | Slime:5  | Noticed the Royal Jelly
 55323 | Slime:5  | Killed the Royal Jelly
 55329 | Slime:5  | Reached XP level 25. HP: 143/143 MP: 37/49
 55599 | Slime:5  | Got an ichor-stained rapier
 55600 | Slime:5  | Identified the cursed +2 rapier of the Harvest {pierce, Fragile rElec rF++ Dex+2} (You found it on level 5 of the Pits of Slime)
 55684 | Slime:5  | Identified the Catalogue of Torrid Combat Magic
 55732 | Slime:5  | Got a scintillating tin ring
 55733 | Slime:5  | Identified the ring "Efaugel" {*Tele rPois Dex+2} (You found it on level 5 of the Pits of Slime)
 55754 | Slime:5  | Got a slimy rune of Zot
 56303 | D:11     | Lost mutation: You tend to lose your temper in combat. [potion of mutation]
 56303 | D:11     | Lost mutation: You are clumsy. (Dex -2) [potion of mutation]
 56303 | D:11     | Gained mutation: Your body sometimes deteriorates upon taking damage. [potion of mutation]
 56303 | D:11     | Gained mutation: You have large cloven feet. [potion of mutation]
 56304 | D:11     | Lost mutation: You have large cloven feet. [potion of mutation]
 56304 | D:11     | Lost mutation: Your body sometimes deteriorates upon taking damage. [potion of mutation]
 56304 | D:11     | Gained mutation: You are partially covered in molten scales. (AC +2) [potion of mutation]
 56304 | D:11     | Gained mutation: Scrolls take you a little longer to read. [potion of mutation]
 56304 | D:11     | Gained mutation: Your spells are a little easier to cast, but a little less powerful. [potion of mutation]
 56304 | D:11     | Gained mutation: Your skin changes colour to match your surroundings (Stealth+). [potion of mutation]
 56305 | D:11     | Lost mutation: Your spells are a little easier to cast, but a little less powerful. [potion of mutation]
 56305 | D:11     | Lost mutation: Your skin changes colour to match your surroundings (Stealth+). [potion of mutation]
 56305 | D:11     | Gained mutation: You have an increased reservoir of magic. (+10% MP) [potion of mutation]
 56305 | D:11     | Gained mutation: You are resistant to hostile enchantments. (MR+) [potion of mutation]
 56305 | D:11     | Gained mutation: Your system is resistant to poisons. (rPois) [potion of mutation]
 56305 | D:11     | Gained mutation: Your flesh is heat resistant. (rF+) [potion of mutation]
 56374 | D:13     | Bought an ancient ring mail for 243 gold pieces
 56376 | D:13     | Identified the cursed +0 ring mail of the Gastropod {rCorr Str+3} (You bought it in a shop on level 13 of the Dungeon)
 56517 | Snake:1  | Bought the +4 scale mail "Gasir" {Int+7 Dex+3} for 936 gold pieces
 56722 | Depths:1 | Entered Level 1 of the Depths
 56912 | Depths:1 | Found a gateway to Hell.
 57643 | Depths:2 | Noticed Bai Suzhen
 57648 | Depths:2 | Killed Bai Suzhen
 57771 | Depths:2 | Reached skill level 10 in Translocations
 57992 | Depths:2 | Noticed Asterion
 57996 | Depths:2 | Killed Asterion
 58356 | Depths:2 | Got a pitted morningstar {crush}
 58359 | Depths:2 | Identified the +4 morningstar of the Tomato {crush, rC+} (You took it off a frost giant on level 2 of the Depths)
 58476 | Depths:2 | Reached skill level 5 in Armour
 58478 | Depths:2 | Found a snail-covered altar of Cheibriados.
 58736 | Depths:2 | Noticed a juggernaut
 58748 | Depths:2 | Killed a juggernaut
 58842 | Depths:3 | Reached XP level 26. HP: 150/150 MP: 39/54
 59139 | Depths:3 | Gained mutation: You are dopey. (Int -2) [a shining eye]
 59955 | Depths:3 | Noticed a juggernaut
 59959 | Depths:3 | Killed a juggernaut
 59960 | Depths:3 | Noticed a juggernaut
 59962 | Depths:3 | Killed a juggernaut
 60032 | Depths:3 | Learned a level 9 spell: Tornado
 60195 | Depths:3 | Found a gateway to a ziggurat.
 60467 | Depths:3 | Found a one-way gate to the infinite horrors of the Abyss.
 60834 | Depths:3 | Found a one-way gate leading to the halls of Pandemonium.
 61190 | Depths:4 | Found a transporter.
 61234 | Depths:4 | Found a transporter.
 61279 | Depths:4 | Noticed the Enchantress
 61280 | Depths:4 | Killed the Enchantress
 61458 | Depths:4 | Got faerie dragon scales
 61464 | Depths:4 | Identified the +3 faerie dragon scales {+Fly rCorr} (You took it off the Enchantress on level 4 of the Depths)
 62033 | Depths:4 | Found a corrupted altar of Lugonu.
 62360 | Depths:5 | Entered Level 5 of the Depths
 62603 | Depths:5 | Reached XP level 27. HP: 156/156 MP: 53/55
 62883 | Depths:5 | Noticed a juggernaut
 63106 | Depths:5 | Found Roiteh's Distillery.
 63106 | Depths:5 | Found Viblaic's Antique Weapon Emporium.
 63211 | Depths:5 | Killed a juggernaut
 63358 | Depths:5 | Found a gate to the Realm of Zot.
 64086 | Crypt:1  | Entered Level 1 of the Crypt
 64470 | Crypt:1  | Found an ancient bone altar of Kikubaaqudgha.
 65152 | Crypt:1  | Found a runed door.
 65161 | Crypt:1  | Noticed an ancient lich
 65165 | Crypt:1  | Killed an ancient lich
 66293 | Crypt:2  | Got a brightly glowing robe
 66299 | Crypt:2  | Identified the cursed +1 robe of Apnecev {rPois Regen+ SInv} (You found it on level 2 of the Crypt)
 66426 | Crypt:3  | Entered Level 3 of the Crypt
 66812 | Crypt:3  | Noticed Khufu
 66817 | Crypt:3  | Killed Khufu
 67027 | Crypt:3  | Noticed a greater mummy
 67032 | Crypt:3  | Killed a greater mummy
 67387 | Crypt:3  | Reached skill level 15 in Translocations
 67405 | Crypt:3  | Noticed Saint Roka
 67416 | Crypt:3  | Killed Saint Roka
 67706 | Crypt:3  | Identified the Volume of Black Arts
 67834 | Crypt:3  | Noticed an ancient lich
 67837 | Crypt:3  | Killed an ancient lich
 67910 | Crypt:3  | Found a basalt altar of Yredelemnul.
 67916 | Crypt:3  | Got a glittering jade ring
 68077 | Crypt:3  | Found a staircase to the Tomb.
 68189 | Crypt:3  | Identified the ring "Heocko" {MR+ MP+9 Str+3 Int-3 Dex+3} (You took it off a hell knight on level 3 of the Crypt)
 68703 | D:11     | Gained mutation: Armour fits poorly on your strangely shaped body. [mutagenic glow]
 68913 | D:11     | Lost mutation: Scrolls take you a little longer to read. [potion of mutation]
 68913 | D:11     | Lost mutation: You are dopey. (Int -2) [potion of mutation]
 68913 | D:11     | Lost mutation: You are partially covered in molten scales. (AC +2) [potion of mutation]
 68913 | D:11     | Lost mutation: You are resistant to hostile enchantments. (MR+) [potion of mutation]
 68913 | D:11     | Gained mutation: You are frail. (-10% HP) [potion of mutation]
 68913 | D:11     | Lost mutation: Your flesh is heat resistant. (rF+) [potion of mutation]
 68913 | D:11     | Gained mutation: You expend magic power (3 MP) to strengthen your wands. [potion of mutation]
 68913 | D:11     | Gained mutation: You have sharp toenails. [potion of mutation]
 68914 | D:11     | Lost mutation: You have sharp toenails. [potion of mutation]
 68914 | D:11     | Lost mutation: Armour fits poorly on your strangely shaped body. [potion of mutation]
 68914 | D:11     | Lost mutation: You are frail. (-10% HP) [potion of mutation]
 68914 | D:11     | Gained mutation: You have large cloven feet. [potion of mutation]
 68914 | D:11     | Gained mutation: You possess an exceptional clarity of mind. [potion of mutation]
 68972 | D:11     | Learned a level 1 spell: Apportation
 69174 | Depths:3 | Voluntarily entered the Abyss.
 69213 | Abyss:1  | Found a corrupted altar of Lugonu.
 69447 | Abyss:1  | Found a corrupted altar of Lugonu.
 69476 | Abyss:1  | Got a twisted scimitar
 69477 | Abyss:1  | Identified the +7 scimitar "Havoh" {slice, rElec Int+2} (You found it on level 1 of the Abyss)
 70277 | Abyss:2  | Found a roughly hewn altar of Beogh.
 70808 | Abyss:2  | Found a corrupted altar of Lugonu.
 70810 | Abyss:2  | Got a fine scimitar
 70811 | Abyss:2  | Identified the +9 scimitar "Wyeh" {slice, rElec MP+9} (You found it on level 2 of the Abyss)
 70930 | Abyss:2  | Found a corrupted altar of Lugonu.
 71569 | Abyss:3  | Found a corrupted altar of Lugonu.
 72275 | Abyss:3  | Reached skill level 10 in Shields
 72440 | Abyss:3  | Gained mutation: Scrolls take you a little longer to read. [a neqoxec]
 72443 | Abyss:3  | Gained mutation: You occasionally shout uncontrollably at your foes. [a neqoxec]
 72538 | Abyss:3  | Gained mutation: You are clumsy. (Dex -2) [a neqoxec]
 72606 | Abyss:3  | Reached skill level 10 in Armour
 72616 | Abyss:3  | Got an abyssal rune of Zot
 72882 | Depths:3 | Escaped the Abyss
 73332 | Depths:3 | Voluntarily entered the Abyss.
 73418 | Abyss:1  | Paralysed by accursed screaming for 1 turns
 73445 | Depths:3 | Escaped the Abyss
 73535 | Depths:3 | Voluntarily entered the Abyss.
 73536 | Abyss:1  | Found a corrupted altar of Lugonu.
 74463 | Abyss:1  | Got a brightly glowing robe
 74476 | Abyss:1  | Identified the cursed +0 robe of the Hundredfold Wars {rF+ rC+ rN+ Int-5} (You found it on level 1 of the Abyss)
 75658 | Abyss:1  | Found a shattered altar of Ashenzari.
 76038 | Abyss:2  | Found a corrupted altar of Lugonu.
 76246 | Depths:3 | Escaped the Abyss
 76275 | Pan      | Entered Pandemonium
 77249 | Pan      | Noticed Xeworusu the pandemonium lord
 77274 | Pan      | Killed Xeworusu the pandemonium lord
 78192 | Pan      | Noticed Oceh the pandemonium lord
 78199 | Pan      | Killed Oceh the pandemonium lord
 78373 | Pan      | Identified Reunt's Almanac of Confrontation and Transmigration
 78531 | Pan      | Entered the realm of Cerebov.
 78535 | Pan      | Got a twitching emerald amulet
 78539 | Pan      | Identified the amulet of Puxzin {Spirit rF+} (You acquired it in Pandemonium)
 78840 | Pan      | Learned a level 8 spell: Lehudib's Crystal Spear
 78858 | Pan      | Found an exit through the horrors of the Abyss.
 79062 | Pan      | Reached skill level 1 in Earth Magic
 79064 | Pan      | Reached skill level 27 in Conjurations
 79186 | Pan      | Got a shimmering trident {pain}
 79187 | Pan      | Identified the +5 trident "Piolur" {pain, rC++} (You took it off a balrug in Pandemonium)
 79665 | Pan      | Got an encrusted flail {venom}
 79677 | Pan      | Identified the +7 flail of Epriq {venom, rN++ MR-} (You took it off a balrug in Pandemonium)
 80038 | Pan      | Reached skill level 1 in Ice Magic
 80231 | Pan      | Noticed Cerebov
 80247 | Pan      | Killed Cerebov
 80294 | Pan      | Identified the Handbook of the Illusory Dreams
 80305 | Pan      | Got a fiery rune of Zot
 80351 | Pan      | Got a brightly glowing ivory ring
 80358 | Pan      | Identified the ring "Ucvegaim" {rCorr rPois rN+ Dex-5} (You took it off a balrug in Pandemonium)
 80360 | Pan      | Got a jewelled longbow
 80361 | Pan      | Identified the +6 longbow of the Middle {speed, Fragile rC+ rN+ Dex+3} (You took it off a red devil in Pandemonium)
 80419 | Pan      | Noticed Luguudgh the pandemonium lord
 80425 | Pan      | Killed Luguudgh the pandemonium lord
 80740 | Pan      | Found an exit through the horrors of the Abyss.
 81238 | Pan      | Took an exit into the Abyss.
 81238 | Abyss:1  | Escaped into the Abyss
 81277 | Abyss:1  | Found a corrupted altar of Lugonu.
 81332 | Abyss:1  | Reached skill level 5 in Earth Magic
 81364 | Abyss:1  | Found a deep blue altar of Sif Muna.
 81382 | Depths:3 | Escaped the Abyss
 81745 | Pan      | Entered Pandemonium
 81909 | Pan      | Noticed Acawederi the pandemonium lord
 81917 | Pan      | Cast into level 4 of the Abyss (Acawederi)
 81950 | Abyss:4  | Found a corrupted altar of Lugonu.
 81978 | Pan      | Escaped the Abyss
 81985 | Pan      | Killed Acawederi the pandemonium lord
 81998 | Pan      | Reached skill level 5 in Ice Magic
 82090 | Pan      | Got a demonic rune of Zot
 82971 | Pan      | Got a shimmering ring mail
 82974 | Pan      | Identified the +4 ring mail of Qiubbudgh {MR+} (You found it in Pandemonium)
 83138 | Pan      | Got a flickering iron amulet
 83141 | Pan      | Identified the amulet "Casuam" {Gourm *Drain rN+ Str+4 Dex+3} (You found it in Pandemonium)
 83418 | Pan      | Found a glowing silver altar of Zin.
 83499 | Pan      | Got an encrusted large shield
 83510 | Pan      | Identified the +1 large shield of the Game of Life {Stlth+} (You took it off a daeva in Pandemonium)
 84019 | Pan      | Noticed a seraph
 84027 | Pan      | Killed a seraph
 84091 | Pan      | Got a transparent platinum ring
 84095 | Pan      | Got slimy gold dragon scales
 84106 | Pan      | Identified the cursed +1 gold dragon scales of Impressiveness {rPois rF+ rC+ Regen+} (You took it off an angel in Pandemonium)
 85579 | Pan      | Found a glowing golden altar of the Shining One.
 85629 | Pan      | Identified the ring "Jagied" {EV+4 Str+6 Int-5} (You took it off an angel in Pandemonium)
 85641 | Pan      | Learned a level 9 spell: Glaciate
 85774 | Pan      | Found a white marble altar of Elyvilon.
 86191 | Depths:3 | Escaped Pandemonium
 86521 | Snake:1  | Bought a book of the Earth for 975 gold pieces
 86835 | Depths:4 | Got a crude helmet
 86838 | Depths:4 | Identified the +0 helmet of Modesty {Str+3 Int+4} (You found it on level 4 of the Depths)
 86847 | Depths:4 | Identified the Compendium of Feathers
 86903 | Pan      | Entered Pandemonium
 86959 | Pan      | Gained mutation: You are very clumsy. (Dex -4) [a neqoxec]
 87231 | Pan      | Noticed Alizoe the pandemonium lord
 87238 | Pan      | Killed Alizoe the pandemonium lord
 87649 | Pan      | Gained mutation: Armour fits poorly on your strangely shaped body. [a neqoxec]
 87734 | Pan      | Reached skill level 10 in Earth Magic
 87993 | Pan      | Gained mutation: Your body sometimes deteriorates upon taking damage. [a neqoxec]
 88069 | Pan      | Lost mutation: Armour fits poorly on your strangely shaped body. [potion of mutation]
 88069 | Pan      | Lost mutation: Scrolls take you a little longer to read. [potion of mutation]
 88069 | Pan      | Lost mutation: Your body sometimes deteriorates upon taking damage. [potion of mutation]
 88069 | Pan      | Gained mutation: Your mind is acute. (Int +2) [potion of mutation]
 88069 | Pan      | Gained mutation: You evolve. [potion of mutation]
 88150 | Pan      | Noticed Mennas
 88153 | Pan      | Killed Mennas
 88269 | Pan      | Reached skill level 10 in Ice Magic
 88295 | Pan      | Noticed Askabi Tats the pandemonium lord
 88404 | Pan      | Killed Askabi Tats the pandemonium lord
 88516 | Pan      | Got an ancient mace
 88517 | Pan      | Identified the +5 mace of Juoss {crush, +Blink +Fly rPois Dex-4 SInv} (You found it in Pandemonium)
 88747 | Pan      | Reached skill level 27 in Spellcasting
 88757 | Pan      | Lost mutation: You are very clumsy. (Dex -4) [evolution]
 88761 | Pan      | Learned a level 8 spell: Necromutation
 88938 | Pan      | Noticed Hulod the pandemonium lord
 88940 | Pan      | Reached skill level 1 in Transmutations
 88948 | Pan      | Killed Hulod the pandemonium lord
 90145 | Pan      | Found a runed door.
 90444 | Pan      | Gained mutation: Scrolls take you a little longer to read. [a cacodemon]
 90507 | Pan      | Found an exit through the horrors of the Abyss.
 90750 | Pan      | Noticed Siakhliro the pandemonium lord
 90762 | Pan      | Killed Siakhliro the pandemonium lord
 90980 | Pan      | Got a sparkling diamond amulet
 90983 | Pan      | Identified the amulet "Labram" {Acrobat Fragile +Inv SInv Stlth+} (You acquired it in Pandemonium)
 91197 | Pan      | Got a pitted mace {crush}
 91198 | Pan      | Identified the +9 mace "Ipsoutzot" {crush, *Drain rPois rF+} (You took it off a balrug in Pandemonium)
 91487 | Pan      | Noticed Laer the pandemonium lord
 91490 | Pan      | Killed Laer the pandemonium lord
 91728 | Pan      | Entered the realm of Lom Lobon.
 91728 | Pan      | Found an exit through the horrors of the Abyss.
 92113 | Pan      | Reached skill level 5 in Transmutations
 92431 | Pan      | Noticed Lom Lobon
 92535 | Pan      | Killed Lom Lobon
 92549 | Pan      | Got a magical rune of Zot
 93014 | Pan      | Found an exit through the horrors of the Abyss.
 93037 | Pan      | Noticed Gyom Ruth the pandemonium lord
 93039 | Pan      | Killed Gyom Ruth the pandemonium lord
 93061 | Pan      | Reached skill level 1 in Throwing
 93806 | Pan      | Entered the realm of Gloorx Vloq.
 94116 | Pan      | Found an exit through the horrors of the Abyss.
 94691 | Pan      | Noticed Gloorx Vloq
 94698 | Pan      | Killed Gloorx Vloq
 94705 | Pan      | Got a dark rune of Zot
 95445 | Pan      | Noticed Taxol the pandemonium lord
 95447 | Pan      | Killed Taxol the pandemonium lord
 95771 | Pan      | Lost mutation: You possess an exceptional clarity of mind. [a cacodemon]
 95822 | Pan      | Learned a level 9 spell: Shatter
 95831 | Pan      | Entered the realm of Mnoleg.
 95839 | Pan      | Found an exit through the horrors of the Abyss.
 95994 | Pan      | Gained mutation: You are frail. (-10% HP) [a cacodemon]
 96004 | Pan      | Noticed Mnoleg
 96008 | Pan      | Killed Mnoleg
 96013 | Pan      | Reached skill level 5 in Throwing
 96304 | Pan      | Reached skill level 15 in Earth Magic
 96737 | Pan      | Got a glowing rune of Zot
 97018 | Pan      | Took an exit into the Abyss.
 97018 | Abyss:1  | Escaped into the Abyss
 97023 | Abyss:1  | Reached skill level 15 in Ice Magic
 97138 | Depths:3 | Escaped the Abyss
 97570 | Hell     | Entered the Vestibule of Hell
 97570 | Hell     | Noticed Geryon
 97575 | Hell     | Killed Geryon
 97748 | Hell     | Found a gateway to the ashen valley of Gehenna.
 97857 | Hell     | Found a gateway to the Iron City of Dis.
 97912 | Hell     | Found a gateway to the freezing wastes of Cocytus.
 98017 | Hell     | Found a gateway to the decaying netherworld of Tartarus.
 98086 | Coc:1    | Entered Level 1 of Cocytus
 98627 | Coc:1    | Gained mutation: Scrolls take you longer to read. [mutagenic glow]
 99009 | Coc:1    | Reached skill level 15 in Shields
 99511 | Coc:2    | Reached skill level 10 in Transmutations
 99745 | Coc:2    | Reached skill level 15 in Armour
100880 | Coc:3    | Reached skill level 1 in Short Blades
100897 | Coc:3    | Reached skill level 10 in Throwing
102830 | Coc:5    | Reached skill level 5 in Short Blades
103972 | Coc:7    | Entered Level 7 of Cocytus
104286 | Coc:7    | Noticed Antaeus
104344 | Coc:7    | Killed Antaeus
104384 | Coc:7    | Got an icy rune of Zot
104763 | Coc:7    | Got a flickering brass ring
104766 | Coc:7    | Identified the ring "Weeriag" {*Contam +Inv rElec rN+ Int+7} (You found it on level 7 of Cocytus)
104775 | Coc:7    | Got a crude ring mail
104786 | Coc:7    | Identified the +5 ring mail of Dithmenos's Approval {*Contam rN++ rCorr Dex+2} (You found it on level 7 of Cocytus)
105110 | Dis:1    | Entered Level 1 of the Iron City of Dis
108009 | Dis:4    | Reached skill level 15 in Throwing
110563 | Dis:7    | Entered Level 7 of the Iron City of Dis
110796 | Dis:7    | Reached skill level 10 in Short Blades
111456 | Dis:7    | Noticed the Serpent of Hell
111464 | Dis:7    | Killed the Serpent of Hell
112009 | Dis:7    | Noticed Dispater
112016 | Dis:7    | Killed Dispater
112044 | Dis:7    | Got transparent storm dragon scales
112044 | Dis:7    | Got a transparent jade amulet
112079 | Dis:7    | Identified the Handbook of Creative Transmutation
112083 | Dis:7    | Got an iron rune of Zot
112126 | Dis:7    | Reached skill level 15 in Transmutations
112187 | Hell     | Identified the +6 storm dragon scales of Beatiupt {rElec Int+2} (You took it off Dispater on level 7 of the Iron City of Dis)
112189 | Hell     | Identified the amulet of Vanity {Reflect +Fly rF+ Str-3 SH+4} (You took it off Dispater on level 7 of the Iron City of Dis)
112581 | Geh:1    | Entered Level 1 of Gehenna
112662 | Geh:1    | Reached skill level 1 in Evocations
115040 | Geh:4    | Reached skill level 15 in Fighting
115438 | Geh:4    | Reached skill level 5 in Evocations
115734 | Geh:5    | Reached skill level 27 in Fire Magic
117190 | Geh:7    | Entered Level 7 of Gehenna
118330 | Geh:7    | Identified the Volume of the Postmodern Moons
118469 | Geh:7    | Noticed Asmodeus
118478 | Geh:7    | Killed Asmodeus
118613 | Geh:7    | Identified the Grimoire of the Ghastly Arsonist
118623 | Geh:7    | Got a fine bone ring
118626 | Geh:7    | Identified the ring of Otumaemo {rC+ MP-9 Int+8} (You found it on level 7 of Gehenna)
118627 | Geh:7    | Got translucent steam dragon scales
118642 | Geh:7    | Identified the cursed +1 steam dragon scales "Iliups" {SInv} (You found it on level 7 of Gehenna)
118674 | Geh:7    | Got a slimy tin ring
118677 | Geh:7    | Identified the ring of the Nine Cities {rElec AC+3 SInv} (You found it on level 7 of Gehenna)
118678 | Geh:7    | Got a bloodstained morningstar
118681 | Geh:7    | Identified the +7 morningstar "Wemots" {drain, Str+2 Int+2 Dex+4} (You found it on level 7 of Gehenna)
118687 | Geh:7    | Got an obsidian rune of Zot
119054 | Tar:1    | Entered Level 1 of Tartarus
120876 | Tar:2    | Gained mutation: Scrolls take you much longer to read. [mutagenic glow]
120918 | Tar:2    | Lost mutation: You have large cloven feet. [mutagenic glow]
121348 | Tar:3    | Killed from afar by a Tzitzimitl

Vault maps used:
D:1:      lightli_arrival_farm, minmay_misc_feat_enclosed
D:3:      first_ration
D:4:      marbit_many_paths, kennysheep_mini, lemuel_flame_loot_1
D:5:      minmay_temple_entry_junction, nzn_random_ring, uniq_duvessa,
          uniq_menkaure
D:6:      minmay_misc_feat_ornament
D:7:      lightli_temple_of_fire, uniq_prince_ribbit1
D:8:      kennysheep_little_box, yredelemnul_altar_generic
D:9:      lemuel_crystal_altar, serial_shops, shop
D:10:     hiddenorc2_lemuel, enter_trove_3, grunt_tengu_nest, uniq_snorg
D:11:     dpeg_oklobed_lair, serial_shops, shop, minivault_10, uniq_fannar,
          uniq_erolcha, uniq_harold
D:12:     enter_bailey_3
D:13:     serial_shops, shop, shop_fountains, shop, shop, serial_bayou,
          serial_bayou_pond_e, serial_bayou_pond_c, serial_bayou_pond_b,
          serial_bayou_lagoon_a, serial_bayou_pond_c, serial_bayou_crossing
D:14:     lightli_vaults_fourway_checkpoint, uniq_rupert, uniq_urug
D:15:     hangedman_depths_entry_civil_slaughter,
          nicolae_ru_the_path_less_chosen, palyth_stone_intersect
Temple:   compressed_dpeg_circular_temple
Lair:1:   grunt_megastairs_5, minmay_lair_oklob_chamber
Lair:2:   guppyfry_snake_entry_island, minmay_hedge_maze, lemuel_old_faithful
Lair:3:   enter_volcano_3, minmay_lair_oklob_bushes
Lair:4:   minmay_shoals_entry_hut, pond
Lair:5:   minmay_slime_entry_eyes, infiniplex_staircase_pool, grunt_megastairs_1
Lair:6:   minmay_lair_end_frog_pond, serial_bayou_pond_a
Shoals:1: serial_shops, nicolae_shop_waterfront
Shoals:2: uniq_jorgrun
Shoals:3: gammafunk_its_a_trap
Shoals:4: shoals_end_hangedman, shoals_ilsuiw_ice, serial_shops, shop,
          uniq_polyphemus, uniq_kirke, uniq_louise
Snake:1:  basic_altar, serial_shops, nicolae_shop_waterfront, shop,
          nicolae_shop_stone
Snake:2:  basic_altar
Snake:3:  serial_shops, nicolae_shop_behind_doors, shop, shop, shop_fountains,
          hangedman_snake_thin_pillar_pass, serial_bayou_shore_a, uniq_aizul
Snake:4:  snake_pit_salamanders_mu, basic_altar, spider_trap
Slime:2:  cheibrodos_slime_lost_civilization_7
Slime:3:  nicolae_slime_barrier, cheibrodos_slime_lost_civilization_6
Slime:5:  uniq_dissolution
Orc:2:    grunt_orc_cross, mines3_lemuel
Elf:1:    serial_shops, shop, kennysheep_underground_church
Elf:3:    minmay_elf_hall_quartered_circle, nicolae_rare_books, uniq_roxanne
Vaults:1: grunt_vaults_hallway_short, dpeg_vaults_monster_box,
          vaults_room_hangedman_quadrants, nicolae_vaults_stairing_the_circle,
          grunt_vaults_swirl, grunt_vaults_trifunnel,
          ontoclasm_vaults_loading_screen, nicolae_vaults_alarming,
          vaults_standard_mumra_x, nicolae_vaults_shelves_hall,
          vaults_mumra_chevron_long, v_misc_8, nicolae_vaults_asterisk
Vaults:2: v_rooms_6, vaults_standard_mumra_lines, v_alt_pattern_1,
          vaults_room_boxed, ontoclasm_vaults_idyll, vaults_room_door_hall,
          nicolae_vaults_border_crossing, v_misc_1, v_misc_16,
          nicolae_vaults_little_squares_5, vaults_dpeg_encased_lava,
          ontoclasm_vaults_decontamination, serial_shops, nicolae_shop_trees
Vaults:3: minmay_crypt_entry_nasty_monster, ontoclasm_vaults_ring_large,
          v_misc_26, nicolae_vaults_fighting_squares, v_rooms_1,
          vaults_room_grid, v_misc_19, v_misc_26, v_alt_pattern_3,
          grunt_vaults_funnel, vaults_dpeg_ring,
          nicolae_vaults_little_squares_3, vaults_room_hallway, basic_altar
Vaults:4: nicolae_vaults_octagons, v_misc_18, vaults_mumra_lcd,
          vaults_mumra_minichess_inversion, ontoclasm_vaults_misaligned,
          vaults_room_large_hall, hangedman_vaults_trim, dpeg_vaults_monster_row
Vaults:5: serial_shops
Crypt:1:  cheibrodos_crypt_cold_storage, basic_altar, fountainhead
Crypt:2:  st_stairs_10
Crypt:3:  cryptofortress_bobbens, uniq_saint_roka, uniq_khufu
Depths:1: hangedman_coc_ice_floe, fountainhead, spider_trap,
          kennysheep_cross_bottleneck, lightli_minifort
Depths:2: pf_snail_temple, nicolae_lava_and_water, hell_entry,
          infiniplex_staircase_river, uniq_bai_suzhen, uniq_asterion
Depths:3: grunt_arcs, enter_ziggurat_b, pan_entry, abyss_entry,
          grunt_hell_entry_dis_old, serial_bayou_ford_a
Depths:4: gammafunk_sealed_arena, grunt_mini_vestibule, abyss_entry_flame_altar,
          basic_stair_grate_trap, uniq_enchantress
Depths:5: evilmike_zot_entry_hall, hell_entry,
          nicolae_abyss_entry_one_way_or_another, grunt_pan_entry_in_and_out,
          hangedman_abyss_or_decor_slice, minmay_shoptagon
Dis:1:    nrook_loot_triangle
Dis:2:    hangedman_iron_city_apartments
Dis:3:    hangedman_dis_chains, evilmike_ambush
Dis:7:    dis_st
Geh:2:    minmay_fire_ice_demons
Geh:4:    grunt_megastairs_3
Geh:5:    nicolae_geh_amphitheater
Geh:7:    geh_mu
Coc:7:    coc_grunt
Abyss:2:  evilmike_abyss_exit_9, gammafunk_corrupted_shrine
Abyss:3:  hangedman_abyss_or_decor_stabs, evilmike_abyss_exit_smiterflies
Abyss:4:  evilmike_abyss_exit_plants, evilmike_abyss_exit_2,
          serial_sigils_hangedman_gut
Pan:      rand_demon_5, evilmike_mini_pan_other_thingy, evilmike_mini_pan_rooms,
          nicolae_pan_sigil_obb, nicolae_pan_strange_glyphs,
          cerebov_grunt_fire_and_steel, evilmike_mini_pan_other_thingy,
          pan_blood_fountain_small, pan_disco_hall, nicolae_pan_cerebovesque_2,
          evilmike_holy_pan, grunt_pan_zigzag, nicolae_pan_gloorx_vloqian_3,
          lemuel_hellion_island, uniq_mennas_pan,
          regret_index_pan_draining_boxed, evilmike_mini_pan_corner,
          rand_demon_8, lom_lobon, nicolae_pan_door_chamber,
          gloorx_vloq_grunt_torture_chamber, evilmike_mini_pan_T,
          nicolae_pan_mnolegish_3, mnoleg_grunt_wretched_star
Trove:    trove_armour_2
Bailey:   bailey_axe_of_yendor_kennysheep, bailey
Volcano:  kennysheep_volcano_temple

Skill      XL: |  1  2  3  4  5  6  7  8  9 10 11 12 13 14 15 16 17 18 19 20 21 22 23 24 25 26 27 |
---------------+----------------------------------------------------------------------------------+-----
Stealth        | 3 |  3.0
Dodging        | 3 4 5 6 7 8 9 10 11 12 13 14 15 17 | 17.2
Conjurations   | 5 6 7 8 9 11 12 13 14 15 16 17 18 19 20 21 22 23 24 27 | 27.0
Hexes          | 1 2 3 4 5 6 |  6.0
Fighting       | 1 2 3 4 5 6 7 8 9 10 11 15 | 15.8
Spellcasting   | 4 5 6 8 9 10 11 12 13 14 15 16 17 18 19 20 21 27 | 27.0
Translocations | 1 3 5 6 7 9 11 13 15 | 15.0
Fire Magic     | 3 4 6 7 8 9 10 11 12 13 15 17 18 19 20 21 27 | 27.0
Charms         | 2 5 7 8 10 11 12 13 14 15 | 15.0
Necromancy     | 1 4 6 7 8 9 11 12 13 14 15 21 | 21.0
Air Magic      | 1 3 5 6 7 8 10 11 12 13 14 15 16 25 | 25.4
Shields        | 1 3 4 5 6 8 15 | 15.0
Summonings     | 3 5 6 |  6.0
Armour         | 3 5 7 16 | 16.2
Earth Magic    | 22 | 22.2
Ice Magic      | 20 | 20.3
Transmutations | 15 | 15.0
Throwing       | 18 | 18.4
Short Blades   | 13 | 13.2
Evocations     | 9 |  9.2

Action                   |  1- 3 |  4- 6 |  7- 9 | 10-12 | 13-15 | 16-18 | 19-21 | 22-24 | 25-27 || total
-------------------------+-------+-------+-------+-------+-------+-------+-------+-------+-------++-------
Melee: Dagger            |    13 |    11 |       |       |       |       |       |       |       ||    24
       Staff             |       |       |    14 |     5 |    10 |     1 |       |     3 |       ||    33
       Rapier            |       |       |       |     3 |       |   132 |    89 |    18 |  2962 ||  3204
Throw: Javelin           |       |       |       |       |     1 |     2 |       |       |    16 ||    19
 Cast: Magic Dart        |    65 |    76 |    36 |    27 |     7 |       |       |       |       ||   211
       Searing Ray       |     3 |    18 |    23 |    14 |       |       |       |       |       ||    58
       Dazzling Spray    |       |     6 |    15 |    32 |     7 |     2 |       |       |       ||    62
       Fulminant Prism   |       |     7 |    15 |    38 |    16 |     1 |       |       |       ||    77
       Flame Tongue      |       |       |    35 |    97 |   120 |     2 |       |       |       ||   254
       Force Lance       |       |       |    10 |    49 |    99 |    78 |    81 |    38 |   441 ||   796
       Iskenderun's Myst |       |       |     6 |   104 |   155 |   157 |       |       |       ||   422
       Regeneration      |       |       |       |     6 |    28 |    32 |    12 |    15 |    73 ||   166
       Freezing Cloud    |       |       |       |    19 |   203 |   217 |   125 |     1 |    91 ||   656
       Bolt of Draining  |       |       |       |    18 |    72 |    71 |    56 |     2 |    47 ||   266
       Gell's Gravitas   |       |       |       |       |    20 |     5 |     6 |     3 |     2 ||    36
       Blink             |       |       |       |       |     4 |     3 |     2 |    10 |    52 ||    71
       Bolt of Fire      |       |       |       |       |       |   106 |   173 |    55 |  1966 ||  2300
       Conjure Ball Ligh |       |       |       |       |       |     2 |       |       |       ||     2
       Deflect Missiles  |       |       |       |       |       |     2 |     7 |     1 |    11 ||    21
       Fireball          |       |       |       |       |       |    39 |    37 |    11 |       ||    87
       Spellforged Servi |       |       |       |       |       |     4 |     6 |     1 |     1 ||    12
       Fire Storm        |       |       |       |       |       |       |       |   172 |   880 ||  1052
       Ignition          |       |       |       |       |       |       |       |    28 |   463 ||   491
       Necromutation     |       |       |       |       |       |       |       |       |   220 ||   220
       Glaciate          |       |       |       |       |       |       |       |       |   187 ||   187
       Shatter           |       |       |       |       |       |       |       |       |   182 ||   182
       Tornado           |       |       |       |       |       |       |       |       |   123 ||   123
       Lehudib's Crystal |       |       |       |       |       |       |       |       |   115 ||   115
       Apportation       |       |       |       |       |       |       |       |       |    58 ||    58
 Abil: End Transformatio |       |       |       |       |       |       |       |       |     1 ||     1
Evoke: Wand              |       |       |       |     6 |     8 |     3 |     9 |    19 |     7 ||    52
  Use: Scroll            |       |       |    19 |    12 |    16 |    10 |     7 |    13 |    58 ||   135
       Potion            |       |       |       |     3 |     5 |     3 |    10 |     3 |    37 ||    61
 Stab: Invisible         |       |       |     1 |     1 |       |       |       |       |       ||     2
       Distracted        |       |       |       |       |       |       |     1 |       |     1 ||     2
       Sleeping          |       |       |       |       |       |       |     1 |       |     1 ||     2
  Eat: Chunk             |     2 |     7 |    12 |    25 |    75 |    41 |    25 |    38 |    65 ||   290
       Ration            |       |     1 |       |     3 |     4 |     5 |     1 |    11 |    25 ||    50
Armor: Robe              |     5 |     8 |    15 |    14 |     4 |    38 |    27 |    27 |       ||   138
       Animal skin       |       |       |       |       |    35 |    39 |       |       |       ||    74
       Skin              |       |       |       |       |       |       |    25 |       |       ||    25
       Scale mail        |       |       |       |       |       |       |       |       |  1139 ||  1139
Dodge: Dodged            |    20 |    36 |    59 |    96 |   196 |   293 |   161 |    94 |  2072 ||  3027
       Deflected         |       |       |       |       |       |    34 |    31 |    19 |   166 ||   250
Block: Buckler           |       |       |       |       |    15 |    75 |    69 |    23 |   414 ||   596
       Shield            |       |       |       |       |       |       |       |       |  1911 ||  1911

Table legend:
 A = Spawn XP
 B = Non-spawn XP
 C = Spawn XP percentage of total XP
 D = Spawn monster count
 E = Non-spawn monster count
 F = Spawn count percentage of total count
 G = Total turns spent on level
                    A         B        C        D         E        F      G
               +---------+---------+-------+---------+---------+-------+---------
         Total |  505265 | 4171366 |  10.8 |     822 |    6023 |  12.0 | 121348
               +---------+---------+-------+---------+---------+-------+---------
           D:1 |       0 |      63 |   0.0 |       0 |      29 |   0.0 |  1489
           D:2 |       0 |     147 |   0.0 |       0 |      25 |   0.0 |  1001
           D:3 |       0 |     252 |   0.0 |       0 |      28 |   0.0 |  1093
           D:4 |       0 |     305 |   0.0 |       0 |      12 |   0.0 |   733
           D:5 |       0 |    1132 |   0.0 |       0 |      28 |   0.0 |  1201
           D:6 |       0 |     890 |   0.0 |       0 |      20 |   0.0 |  1092
           D:7 |       0 |     828 |   0.0 |       0 |      18 |   0.0 |  1002
           D:8 |       0 |    5329 |   0.0 |       0 |      33 |   0.0 |  1041
           D:9 |       0 |    1873 |   0.0 |       0 |      24 |   0.0 |   806
          D:10 |       0 |    3652 |   0.0 |       0 |      59 |   0.0 |  1859
          D:11 |       0 |    8740 |   0.0 |       0 |      41 |   0.0 |  2671
          D:12 |       0 |   11600 |   0.0 |       0 |      62 |   0.0 |  1092
          D:13 |       0 |    6865 |   0.0 |       0 |      38 |   0.0 |  1247
          D:14 |       0 |   24793 |   0.0 |       0 |      64 |   0.0 |  1611
          D:15 |       0 |   19013 |   0.0 |       0 |      33 |   0.0 |  1408
        Lair:1 |       0 |    7367 |   0.0 |       0 |      23 |   0.0 |  1447
        Lair:2 |       0 |    6789 |   0.0 |       0 |      25 |   0.0 |  1575
        Lair:3 |       0 |    6456 |   0.0 |       0 |      19 |   0.0 |  1091
        Lair:4 |       0 |    3452 |   0.0 |       0 |      20 |   0.0 |  1085
        Lair:5 |       0 |    6866 |   0.0 |       0 |      23 |   0.0 |   806
        Lair:6 |       0 |   19294 |   0.0 |       0 |      72 |   0.0 |  1598
      Shoals:1 |       0 |   10682 |   0.0 |       0 |      19 |   0.0 |   854
      Shoals:2 |       0 |   13876 |   0.0 |       0 |      24 |   0.0 |   755
      Shoals:3 |       0 |    7942 |   0.0 |       0 |      14 |   0.0 |  1173
      Shoals:4 |       0 |   53124 |   0.0 |       0 |      87 |   0.0 |  1547
       Snake:1 |       0 |   22547 |   0.0 |       0 |      43 |   0.0 |  1805
       Snake:2 |       0 |    9975 |   0.0 |       0 |      17 |   0.0 |  1442
       Snake:3 |       0 |   16723 |   0.0 |       0 |      27 |   0.0 |  1025
       Snake:4 |       0 |   89570 |   0.0 |       0 |     127 |   0.0 |  2816
       Slime:1 |       0 |   14605 |   0.0 |       0 |      24 |   0.0 |   566
       Slime:2 |       0 |   27508 |   0.0 |       0 |      35 |   0.0 |  1011
       Slime:3 |       0 |   21678 |   0.0 |       0 |      31 |   0.0 |   749
       Slime:4 |       0 |   17304 |   0.0 |       0 |      31 |   0.0 |   515
       Slime:5 |       0 |   52431 |   0.0 |       0 |      28 |   0.0 |   651
         Orc:1 |       0 |    2640 |   0.0 |       0 |      27 |   0.0 |   472
         Orc:2 |       0 |   14644 |   0.0 |       0 |      83 |   0.0 |  1658
         Elf:1 |       0 |   11075 |   0.0 |       0 |      18 |   0.0 |   828
         Elf:2 |       0 |   33805 |   0.0 |       0 |      57 |   0.0 |  1392
         Elf:3 |       0 |   75788 |   0.0 |       0 |      74 |   0.0 |  1270
      Vaults:1 |       0 |   43738 |   0.0 |       0 |      73 |   0.0 |  1758
      Vaults:2 |       0 |   38001 |   0.0 |       0 |      71 |   0.0 |  1611
      Vaults:3 |       0 |   56571 |   0.0 |       0 |      88 |   0.0 |  2558
      Vaults:4 |       0 |   87471 |   0.0 |       0 |     103 |   0.0 |  2377
      Vaults:5 |       0 |  172357 |   0.0 |       0 |     127 |   0.0 |  1815
       Crypt:1 |       0 |   39586 |   0.0 |       0 |      56 |   0.0 |  1368
       Crypt:2 |       0 |   47090 |   0.0 |       0 |      58 |   0.0 |  1338
       Crypt:3 |       0 |   86515 |   0.0 |       0 |     103 |   0.0 |  1678
      Depths:1 |       0 |   37057 |   0.0 |       0 |      50 |   0.0 |  1422
      Depths:2 |       0 |  106782 |   0.0 |       0 |     110 |   0.0 |  1601
      Depths:3 |       0 |  122527 |   0.0 |       0 |     111 |   0.0 |  2474
      Depths:4 |       0 |   81350 |   0.0 |       0 |      77 |   0.0 |  1582
      Depths:5 |       0 |   71796 |   0.0 |       0 |      71 |   0.0 |  1052
          Hell |       0 |   88722 |   0.0 |       0 |     123 |   0.0 |   765
         Dis:1 |       0 |   40169 |   0.0 |       0 |      91 |   0.0 |   712
         Dis:2 |       0 |   74084 |   0.0 |       0 |     121 |   0.0 |   962
         Dis:3 |       0 |   56792 |   0.0 |       0 |     116 |   0.0 |   761
         Dis:4 |       0 |   34652 |   0.0 |       0 |      52 |   0.0 |   688
         Dis:5 |       0 |   62198 |   0.0 |       0 |     103 |   0.0 |   994
         Dis:6 |       0 |   52676 |   0.0 |       0 |      96 |   0.0 |  1336
         Dis:7 |       0 |  157932 |   0.0 |       0 |     151 |   0.0 |  1596
         Geh:1 |       0 |   33128 |   0.0 |       0 |      85 |   0.0 |   809
         Geh:2 |       0 |   41403 |   0.0 |       0 |      87 |   0.0 |   567
         Geh:3 |       0 |   55160 |   0.0 |       0 |     122 |   0.0 |   901
         Geh:4 |       0 |   32407 |   0.0 |       0 |      74 |   0.0 |   765
         Geh:5 |       0 |   49961 |   0.0 |       0 |      69 |   0.0 |   962
         Geh:6 |       0 |   43981 |   0.0 |       0 |      74 |   0.0 |   605
         Geh:7 |       0 |  115041 |   0.0 |       0 |     114 |   0.0 |  1833
         Coc:1 |       0 |   64467 |   0.0 |       0 |     116 |   0.0 |  1232
         Coc:2 |       0 |   44635 |   0.0 |       0 |      88 |   0.0 |  1187
         Coc:3 |       0 |   78443 |   0.0 |       0 |      97 |   0.0 |   943
         Coc:4 |       0 |   61557 |   0.0 |       0 |      72 |   0.0 |   405
         Coc:5 |       0 |   72632 |   0.0 |       0 |      90 |   0.0 |   991
         Coc:6 |       0 |   50034 |   0.0 |       0 |      71 |   0.0 |  1059
         Coc:7 |       0 |  140181 |   0.0 |       0 |     144 |   0.0 |  1056
         Tar:1 |       0 |   29577 |   0.0 |       0 |      61 |   0.0 |  1084
         Tar:2 |       0 |   49417 |   0.0 |       0 |      73 |   0.0 |   946
         Tar:3 |       0 |   42522 |   0.0 |       0 |      70 |   0.0 |   264
       Abyss:1 |  123144 |  116534 |  51.4 |     220 |     189 |  53.8 |  3777
       Abyss:2 |   40651 |   38709 |  51.2 |      89 |      73 |  54.9 |  1706
       Abyss:3 |   69530 |   42163 |  62.3 |     152 |      84 |  64.4 |  1313
       Abyss:4 |      48 |    3272 |   1.4 |       1 |       5 |  16.7 |    61
           Pan |  271892 |  769181 |  26.1 |     360 |     701 |  33.9 | 19463
        Bailey |       0 |    4147 |   0.0 |       0 |      43 |   0.0 |   551
       Volcano |       0 |    3125 |   0.0 |       0 |       8 |   0.0 |   547
               +---------+---------+-------+---------+---------+-------+---------
